 Dungeon Crawl Stone Soup version 0.30-a0-782-ge64f9170bb (webtiles) character file.

Game seed: 5223396324306669617

14814905 jt the Planerender (level 27, 173/273 HPs)
             Began as a Barachi Summoner on Feb 23, 2023.
             Was an Initiate of Gozag.
             Escaped with the Orb
             ... and 15 runes on Feb 26, 2023!
             The game lasted 10:20:51 (106053 turns).

jt the Planerender (Barachi Summoner)             Turns: 106053, Time: 10:20:51

Health: 173/273    AC: 17    Str:  6      XL:     27
Magic:  54/54      EV: 23    Int: 40      God:    Gozag
Gold:   30659      SH: 32    Dex: 15 (16) Spells: 1/80 levels left

rFire   + + +      SeeInvis .    x - +9 eudemon blade (holy)
rCold   + + .      Faith    .    e - +8 tower shield {rC+}
rNeg    + + +      Spirit   .    J - +2 leather armour of a bazaar {Regen+ Stlth+}
rPois   +          Reflect  .    y - +2 helmet {Int+3}
rElec   +          Harm     .    Z - scarf {rC+ rF+}
rCorr   +          Rampage  .    B - +2 pair of gloves {Str+3}
Will    ++...                    D - +2 pair of boots of the Trombone {+Inv Str-3 Int+8}
Stlth   ++                       Y - amulet of magic regeneration
HPRegen 1.45/turn                s - ring "Xupurakh" {Contam +Blink rF+ rN+ EV+5}
MPRegen 0.74/turn                i - ring "Heirit" {rElec rF+ rN++ rCorr Str-5}

@: unable to hop, studying 2 skills, slow
A: amphibious, slowness 1, strong legs 2, +LOS, talons 1, iridescent scales 1,
agile 1, clever 1, deterioration 1, fire resistance 1, poison resistance, robust
1, screaming 1, subdued magic 1
0: Orb of Zot
}: 15/15 runes: barnacled, slimy, silver, golden, iron, obsidian, icy, bone,
abyssal, demonic, glowing, magical, fiery, dark, gossamer
a: Hop, Renounce Religion, Evoke Blink, Evoke Invisibility, Potion Petition,
Call Merchant, Bribe Branch


You escaped.
You worshipped Gozag.
Gozag was extremely pleased with you.
You visited 17 branches of the dungeon, and saw 87 of its levels.
You visited Pandemonium 4 times, and saw 15 of its levels.
You visited the Abyss 2 times.
You also visited: Trove, Ossuary, Gauntlet, Ice Cave and Wizlab.

You collected 56576 gold pieces.
You spent 9012 gold pieces at shops.
You paid 16905 gold pieces to Gozag.

Inventory:

Hand Weapons
 a - the +8 dagger of Resub {flame, rN+ SInv}
   (You found it on level 2 of the Lair of Beasts)

   rN:        It protects you from negative energy.
   SInv:      It lets you see invisible.
 b - the +9 dagger "Keanak" {heavy, rElec rPois rC- Will++}
   (You bought it in a shop on level 6 of the Dungeon)

   rC:        It makes you vulnerable to cold.
   rElec:     It insulates you from electricity.
   rPois:     It protects you from poison.
   Will:      It greatly increases your willpower.
 j - the +4 staff of Dispater
   (You took it off Dispater on level 7 of the Iron City of Dis)

   Wielding it grants the ability to hurl damnation at the cost of health and
   magic, with strength depending on Evocations skill.
 w - the +7 sceptre of Asmodeus
   (You took it off Asmodeus on level 7 of Gehenna)

   Wielding it grants the ability to summon fiery demons, with success rate
   depending on Evocations skill.
   Those summoned this way will remain friendly only for a limited time.
 x - a +9 eudemon blade of holy wrath (weapon)
 P - the +9 war axe of Discord {speed, Dex+2}
   (You found it on level 7 of the Iron City of Dis)

   Dex:       It affects your dexterity (+2).
Missiles
 z - 9 curare-tipped darts
Armour
 e - a +8 tower shield of cold resistance (worn)
 y - a +2 helmet of intelligence (worn)
 B - a +2 pair of gloves of strength (worn)
 D - the +2 pair of boots of the Trombone (worn) {+Inv Str-3 Int+8}
   (You found it in a Gauntlet)

   Str:       It affects your strength (-3).
   Int:       It affects your intelligence (+8).
   +Inv:      It lets you turn invisible.
 J - the +2 leather armour of a bazaar (worn) {Regen+ Stlth+}
   (You found it on level 7 of Tartarus)

   Regen:     It increases your rate of health regeneration.
   Stlth:     It makes you more stealthy.
 Z - a scarf of resistance (worn)
Jewellery
 f - a ring of flight
 i - the ring "Heirit" (right hand) {rElec rF+ rN++ rCorr Str-5}
   (You found it in a treasure trove)

   [ring of resist corrosion]

   Str:       It affects your strength (-5).
   rF:        It protects you from fire.
   rElec:     It insulates you from electricity.
   rN:        It greatly protects you from negative energy.
   rCorr:     It protects you from acid and corrosion.
 n - the ring of Ryupikae {rPois Will+ Str+6 Stlth+}
   (You found it in a treasure trove)

   [ring of strength]

   Str:       It affects your strength (+6).
   rPois:     It protects you from poison.
   Will:      It increases your willpower.
   Stlth:     It makes you more stealthy.
 s - the ring "Xupurakh" (left hand) {Contam +Blink rF+ rN+ EV+5}
   (You found it in an ice cave)

   [ring of evasion]

   EV:        It affects your evasion (+5).
   rF:        It protects you from fire.
   rN:        It protects you from negative energy.
   +Blink:    It lets you blink.
   Contam:    It causes magical contamination when unequipped.
 u - the dreamshard necklace {*Dream Drain}
   (You found it on level 7 of the Iron City of Dis)

   [amulet of nothing]

   *Dream:    It shatters if its wearer takes lethal or near-lethal damage,
   preventing the blow and releasing protective dreams that heal and fight for
   the wearer.
   Drain:     It drains your maximum health when unequipped.
 A - the ring of the Salamander {rElec rPois AC+4}
   (You took it off a deep elf sorcerer on level 3 of the Elven Halls)

   [ring of protection]

   AC:        It affects your AC (+4).
   rElec:     It insulates you from electricity.
   rPois:     It protects you from poison.
 G - the ring of the Sparrow {rN+ Will+ Dex+6}
   (You found it on level 3 of the Tomb of the Ancients)

   [ring of positive energy]

   Dex:       It affects your dexterity (+6).
   rN:        It protects you from negative energy.
   Will:      It increases your willpower.
 Q - the ring "Kaxujyosch" {rCorr MP+9 Dex+6 Stlth-}
   (You found it in an ice cave)

   [ring of dexterity]

   Dex:       It affects your dexterity (+6).
   MP:        It affects your magic capacity (+9).
   rCorr:     It protects you from acid and corrosion.
   Stlth:     It makes you less stealthy.
 Y - an amulet of magic regeneration (around neck)
Wands
 d - a wand of flame (44)
 C - a wand of quicksilver (3)
 F - a wand of digging (1)
 R - a wand of mindburst (23)
 T - a wand of charming (22)
 U - a wand of roots (27)
Scrolls
 k - 15 scrolls of teleportation
 o - 7 scrolls of fog
 K - a scroll of immolation
 M - 8 scrolls of blinking
 O - 2 scrolls of summoning
 W - 11 scrolls of fear
Potions
 g - 5 potions of cancellation
 h - 24 potions of curing
 l - 7 potions of heal wounds
 m - 6 potions of invisibility
 p - 4 potions of haste
 q - 12 potions of ambrosia
 r - 3 potions of magic
 v - 11 potions of brilliance
 E - 10 potions of flight
 H - 13 potions of might
 I - 8 potions of mutation
 L - 9 potions of resistance
 N - 5 potions of berserk rage
Miscellaneous
 c - a figurine of a ziggurat
 t - a box of beasts
 S - the horn of Geryon
 V - a phantom mirror
 X - a condenser vane


   Skills:
 O Level 27 Fighting
 - Level 4.0(7.9) Short Blades
 - Level 11.6(12.0) Long Blades
 - Level 6.0 Throwing
 - Level 5.7 Armour
 - Level 15.4 Dodging
 - Level 10.0 Stealth
 + Level 25.0 Shields
 O Level 27 Spellcasting
 - Level 7.0 Hexes
 O Level 27 Summonings
 - Level 21.2 Necromancy
 - Level 22.5 Translocations
 - Level 10.0 Transmutations
 - Level 5.0 Air Magic
 - Level 11.0 Earth Magic
 - Level 23.6 Evocations


You had one spell level left.
You knew the following spells:

 Your Spells              Type           Power      Damage    Failure   Level
a - Passage of Golubria   Tloc           100%       N/A       0%          4
b - Summon Cactus Giant   Summ           59%        N/A       0%          6
c - Haunt                 Necr/Summ      56%        N/A       0%          7
d - Passwall              Tmut/Erth      68%        N/A       0%          2
e - Dragon's Call         Summ           59%        N/A       1%          9
f - Summon Forest         Summ/Tloc      57%        N/A       0%          5
g - Borgnjor's Revivific  Necr           53%        N/A       1%          8
h - Anguish               Hex/Necr       45%        N/A       0%          4
i - Statue Form           Tmut/Erth      54%        N/A       1%          6
j - Borgnjor's Vile Clut  Necr/Erth      48%        N/A       0%          5
k - Dispel Undead         Necr           100%       3d31      0%          4
l - Malign Gateway        Summ/Tloc      57%        N/A       0%          7
m - Death Channel         Necr           53%        N/A       0%          6
n - Dispersal             Tloc           55%        N/A       0%          6

Your spell library contained the following spells:

 Spells                   Type           Power      Damage    Failure   Level
 Apportation              Tloc           100%       N/A       0%          1
 Beastly Appendage        Tmut           100%       N/A       0%          1
 Kiss of Death            Conj/Necr      100%       2d13      0%          1
 Necrotise                Necr           100%       1d9       0%          1
 Sandblast                Erth           100%       2d20      0%          1
 Slow                     Hex            100%       N/A       0%          1
 Summon Small Mammal      Summ           100%       N/A       0%          1
 Foxfire                  Conj/Fire      100%       2x1d9     1%          1
 Freeze                   Ice            100%       1d10      1%          1
 Magic Dart               Conj           100%       1d8       1%          1
 Shock                    Conj/Air       100%       1d9       1%          1
 Sting                    Tmut/Pois      100%       1d8       1%          1
 Blink                    Tloc           100%       N/A       0%          2
 Call Imp                 Summ           100%       N/A       0%          2
 Cigotuvi's Dreadful Rot  Necr/Pois/Air  100%       N/A       0%          2
 Momentum Strike          Conj/Tloc      100%       3d10      0%          2
 Sublimation of Blood     Necr           100%       N/A       0%          2
 Wereblood                Tmut           80%        N/A       0%          2
 Call Canine Familiar     Summ           100%       N/A       0%          3
 Gell's Gravitas          Tloc           100%       N/A       0%          3
 Portal Projectile        Hex/Tloc       100%       N/A       0%          3
 Summon Guardian Golem    Hex/Summ       98%        N/A       0%          3
 Teleport Other           Tloc           100%       N/A       0%          3
 Vampiric Draining        Necr           100%       2d13      0%          3
 Vhi's Electric Charge    Tloc/Air       100%       N/A       0%          3
 Animate Armour           Summ/Erth      100%       N/A       0%          4
 Manifold Assault         Tloc           100%       N/A       0%          4
 Summon Ice Beast         Ice/Summ       90%        N/A       0%          4
 Summon Lightning Spire   Summ/Air       96%        N/A       0%          4
 Agony                    Necr           100%       N/A       0%          5
 Summon Mana Viper        Hex/Summ       98%        N/A       0%          5
 Summon Hydra             Summ           59%        N/A       0%          7
 Ensorcelled Hibernation  Hex/Ice        100%       N/A       1%          2
 Poisonous Vapours        Pois/Air       100%       N/A       1%          2
 Scorch                   Fire           82%        2d9       1%          2
 Static Discharge         Conj/Air       100%       2-7/arc   1%          2
 Confusing Touch          Hex            71%        N/A       1%          3
 Dazzling Flash           Conj/Hex       100%       N/A       1%          3
 Frozen Ramparts          Ice            82%        1d13      1%          3
 Hailstorm                Conj/Ice       41%        3d10      1%          3
 Ignite Poison            Fire/Tmut/Pois 58%        N/A       1%          3
 Inner Flame              Hex/Fire       58%        N/A       1%          3
 Kindle Blastsparks       Fire/Tloc/Air  100%       2d18      1%          3
 Mephitic Cloud           Conj/Pois/Air  51%        N/A       1%          3
 Ozocubu's Armour         Ice            41%        N/A       1%          3
 Spider Form              Tmut/Pois      64%        N/A       1%          3
 Stone Arrow              Conj/Erth      100%       3d13      1%          3
 Swiftness                Air            64%        N/A       1%          3
 Tukima's Dance           Hex            71%        N/A       1%          3
 Airstrike                Air            32%        2d(5-21)  1%          4
 Cause Fear               Hex            35%        N/A       1%          4
 Ice Form                 Ice/Tmut       64%        N/A       1%          4
 Iskenderun's Mystic Bla  Conj/Tloc      84%        2d17      1%          4
 Leda's Liquefaction      Hex/Erth       38%        N/A       1%          4
 Petrify                  Tmut/Erth      82%        N/A       1%          4
 Alistair's Intoxication  Tmut/Pois      42%        N/A       1%          5
 Blade Hands              Tmut           40%        N/A       1%          5
 Irradiate                Conj/Tmut      32%        3d22      1%          5
 Silence                  Hex/Air        34%        N/A       1%          5
 Yara's Violent Unravell  Hex/Tmut       38%        3d15      1%          5
 Disjunction              Tloc           55%        N/A       1%          8
 Infestation              Necr           53%        N/A       1%          8
 Summon Horrible Things   Summ           59%        N/A       1%          8
 Metabolic Englaciation   Hex/Ice        29%        N/A       2%          5
 Flame Wave               Conj/Fire      41%        2d11      4%          4
 Olgreb's Toxic Radiance  Pois           41%        N/A       4%          4
 Sticky Flame             Conj/Fire      41%        2d6       4%          4
 Arcjolt                  Conj/Air       27%        1d37      4%          5
 Lightning Bolt           Conj/Air       27%        1d43      4%          5
 Necromutation            Tmut/Necr      47%        N/A       4%          8
 Freezing Cloud           Conj/Ice/Air   25%        6-21      7%          5
 Iron Shot                Conj/Erth      33%        9d7       7%          6
 Eringya's Noxious Bog    Tmut/Pois      32%        N/A       9%          6
 Fireball                 Conj/Fire      20%        3d10      13%         5
 Storm Form               Tmut/Air       36%        N/A       19%         7
 Conjure Ball Lightning   Conj/Air       27%        3x3d8     26%         6
 Starburst                Conj/Fire      20%        6d7       61%         6
 Discord                  Hex            35%        N/A       89%         8
 Lehudib's Crystal Spear  Conj/Erth      33%        10d8      98%         8
 Ozocubu's Refrigeration  Ice            20%        4d12      99%         7
 Maxwell's Capacitive Co  Air            32%        ∞         99%         8
 Shatter                  Erth           41%        3d32*     99%         9
 Chain Lightning          Conj/Air       27%        3d36      100%        9
 Fire Storm               Conj/Fire      20%        8d5       100%        9
 Polar Vortex             Ice            20%        N/A       100%        9
 Animate Dead             Necr           Unusable   N/A       N/A         4
 Simulacrum               Ice/Necr       Unusable   N/A       N/A         6

Dungeon Overview and Level Annotations

Branches:
Dungeon (15/15)            Temple (0/1) D:7            Lair (5/5) D:10
 Shoals (4/4) Lair:3       Spider (4/4) Lair:3        Slime (5/5) Lair:5
    Orc (2/2) D:9             Elf (3/3) Orc:2        Vaults (5/5) D:13
  Crypt (3/3) Vaults:3       Tomb (3/3) Crypt:3      Depths (4/4) D:15
   Hell (visited)             Dis (7/7) Hell            Geh (7/7) Hell
    Coc (7/7) Hell            Tar (7/7) Hell            Zot (5/5) Depths:4
Ossuary (visited)           IceCv (visited)          WizLab (visited)
Gauntlet (visited)

Altars:
Ashenzari
Fedhas
Gozag
Hepliaklqana
Okawaru
Qazlal
Vehumet
Jiyva

Shops:
D:6 (   D:8 !   D:9 *   D:10 *   D:11 (   D:14 ([   Orc:1 *   Orc:2 [*=
Elf:1 =((:   Elf:3 [   Shoals:3 *   Vaults:1 !*?(   Zot:1 *   Depths:2 =!*
Depths:3 :

Portals:
Hell: Depths:1 Depths:2 Depths:3 Depths:4
Abyss: Depths:1 Depths:2 Depths:3
Pandemonium: Depths:2 Depths:3
Ziggurat: Depths:3

Annotations:
Elf:2 3 runed translucent doors
Depths:4 2 runed translucent doors


Innate Abilities, Weirdness & Mutations

You are amphibious.
You cover ground slowly.
You can hop long distances.
You have an extended range of vision and can be seen from far away.
You have sharp toenails.
You are partially covered in iridescent scales. (AC +2)
You are agile. (Dex +4, Str/Int -1)
Your mind is acute. (Int +4, Str/Dex -1)
Your body sometimes deteriorates upon taking damage.
Your flesh is heat resistant. (rF+)
Your system is resistant to poisons. (rPois)
You are robust. (+10% HP)
You occasionally shout uncontrollably at your foes.
Your spells are a little easier to cast, but a little less powerful.


Message History

You feel weaker. A dragon arrives to answer your call!
Your fire dragon seems less confused.
The tormentor calls on the powers of darkness!
Your quicksilver dragon convulses!
Your iron dragon convulses!
Your fire dragon convulses!
Your ice dragon convulses! x2
Your body is wracked with pain!
Your quicksilver dragon bites the tormentor!
The tormentor dies!
You now have 30626 gold pieces (gained 14).
You swap places.
Your fire dragon disappears in a puff of smoke!
You now have 30647 gold pieces (gained 21).
Your ice dragon disappears in a puff of smoke!
You now have 30653 gold pieces (gained 6).
You swap places.
The roar of the dragon horde subsides.
Your quicksilver dragon disappears in a puff of smoke!
Your ice dragon disappears in a puff of smoke!
Your iron dragon disappears in a puff of smoke!
You now have 30659 gold pieces (gained 6).
There is an open door here.
Hop to where?
Press: ? - help, Dir - move target Boing!
You can once more reach out to the dragon horde.
Your transformation is almost over.
Blink to where?
Press: ? - help, Dir - move target
As you read the scroll of blinking, it crumbles to dust.
Blink to where?
Press: ? - help, Dir - move target
As you read the scroll of blinking, it crumbles to dust.
There is a staircase leading out of the dungeon here.
You revert to your normal fleshy form.
Your +2 pair of gloves of strength unmelds from your body.
The +2 pair of boots of the Trombone {+Inv Str-3 Int+8} unmelds from your body.
The +2 leather armour of a bazaar {Regen+ Stlth+} unmelds from your body.
You feel stronger.
You have escaped!

#........##
#######
##.......#
# #......##
# #......#
# ##2....#
# #....## #
##...# #
#..## #@##
###


You could see a hell beast.

Vanquished Creatures
  the Royal Jelly (Slime:5)
  Ignacio (Pan)
  2 dread liches
  An ancient lich (Vaults:5)
  A royal mummy (Tomb:1)
  5 shard shrikes
  7 caustic shrikes
  The ghost of Vivivvi the Tortoise, a veteran DjCj of Ashenzari (Vaults:1)
  4 golden dragons
  A shard shrike zombie (Abyss:3)
  6 bone dragons
  A pandemonium lord (Pan)
  2 doom hounds
  5 Tzitzimimeh
  3 Brimstone Fiends
  2 hellephants
  2 iron giants
  A spectral shard shrike (Tar:2)
  5 Hell Sentinels
  3 Ice Fiends
  Grunn (Depths:1)
  4 tentacled monstrosities
  7 liches
  2 titans
  3 quicksilver dragons
  4 tainted leviathans
  A deep elf blademaster (Elf:3)
  3 Orb Guardians (Zot:5)
  3 searing wretches (Geh:7)
  Murray (Hell)
  11 acid blobs (Slime:5)
  7 ancient champions
  The ghost of Qeucad the Purveyor of Pain, an adept DDNe of Kikubaaqudgha (Shoals:3)
  A tentacled starspawn (Abyss:3)
  A death cob (Zot:1)
  5 shadow dragons
  6 Executioners
  2 deep elf master archers (Elf:3)
  A sphinx (Tomb:1)
  A tengu reaver (Depths:4)
  Kirke (Spider:4)
  5 storm dragons
  Donald (Vaults:2)
  5 azure jellies (Slime:5)
  2 demonspawn warmongers (Pan)
  2 draconian knights
  11 fire giants
  A revenant (Tomb:1)
  2 deep elf sorcerers (Elf:3)
  5 narguns
  Aizul (Shoals:4)
  2 iron dragons
  8 balrugs
  3 emperor scorpions
  A quicksilver elemental (Dis:4)
  2 ghost moths
  A draconian shifter (Depths:4)
  A spectral juggernaut (Tar:5)
  6 vault wardens
  2 orc warlords
  13 quicksilver oozes
  A curse skull (Pan)
  A juggernaut zombie (Tar:7)
  A reaper (Depths:1)
  Louise (Spider:4)
  A deep elf elementalist (Elf:3)
  2 shard shrike simulacra
  A draconian stormcaller (Depths:4)
  A cacodemon (Pan)
  3 ironbound preservers
  A spriggan defender (Depths:2)
  A demonspawn corrupter (Pan)
  5 war gargoyles
  12 very ugly things
  8 ironbound thunderhulks
  3 vampire knights
  6 stone giants
  A spectral titan (Tar:5)
  3 dire elephants
  2 green draconians
  A deep elf demonologist (Elf:3)
  A putrid mouth (Tar:7)
  3 elemental wellsprings (Coc:6)
  5 deep elf annihilators (Elf:3)
  2 wendigos
  2 lorocyprocas (Pan)
  2 red draconians
  A white draconian (Depths:4)
  5 spark wasps
  A yellow draconian (Depths:4)
  4 purple draconians
  4 deep elf death magi
  4 iron golems
  2 green deaths
  2 merfolk impalers
  An entropy weaver (Spider:3)
  2 fire dragons
  6 yaktaur captains
  2 ettins
  3 jiangshi
  A mummy priest (Tomb:1)
  3 great orbs of eyes
  2 ice dragons
  A rakshasa (Depths:3)
  2 salamander tyrants
  A caustic shrike simulacrum (Coc:7)
  6 vault guards
  A spriggan skeleton (Tar:7)
  2 spriggan zombies
  5 spriggan air magi
  A radroach (Spider:1)
  A centaur warrior (Vaults:1)
  6 hell beasts (Geh:2)
  An alligator snapping turtle (Shoals:4)
  A stoker (Geh:2)
  An ironbound frostheart (Vaults:1)
  2 boulder beetles
  A two-headed ogre (D:15)
  3 deep troll earth magi
  A naga warrior (Abyss:2)
  9 dancing weapons
  7 hell hogs
  A deep troll shaman (Depths:4)
  A tengu warrior (Depths:2)
  A titan zombie (Tar:7)
  5 vampire magi
  5 storm dragon zombies (Crypt:3)
  2 thrashing horrors
  A spriggan berserker (Depths:4)
  4 sun demons (Pan)
  2 hell knights
  4 deep elf knights
  A wretched star (Abyss:3)
  2 crystal echidnas (Dis:7)
  8 soul eaters
  A quicksilver dragon simulacrum (Coc:1)
  An anaconda zombie (Hell)
  5 iron trolls
  3 shadow wraiths
  2 pharaoh ants
  A salamander mystic (WizLab)
  14 deep trolls
  4 sixfirhies (Pan)
  2 glowing orange brains
  4 fire crabs
  A storm dragon skeleton (Hell)
  2 shadow demons
  6 orb spiders
  A glowing orange brain (shapeshifter) (Depths:2)
  4 golden dragon zombies
  2 wizards
  3 lindwurms (Vaults:2)
  A spriggan simulacrum (Coc:3)
  2 steelbarb worms
  A phantasmal warrior (Crypt:3)
  4 deep elf archers
  3 ironbound convokers
  2 orc knights
  2 mana vipers (WizLab)
  10 deep elf zephyrmancers
  An iron dragon zombie (Crypt:1)
  2 harpies
  2 necromancers
  11 deep elf pyromancers
  6 ugly things
  4 wolf spiders
  A jorogumo zombie (Crypt:2)
  3 manticores (Shoals:4)
  A worldbinder (Abyss:3)
  A shining eye (Depths:3)
  3 fauns
  2 merfolk sirens
  12 moths of wrath
  2 rust devils (Hell)
  3 demonic crawlers
  5 orange demons
  A black mamba (Lair:5)
  A stone giant skeleton (Depths:2)
  A torpor snail (Spider:4)
  A molten gargoyle (Geh:7)
  3 water nymphs
  A cane toad (Lair:5)
  5 smoke demons
  7 vault sentinels
  8 hellions
  A naga skeleton (Pan)
  A rime drake (Lair:2)
  6 yaktaurs
  An ice devil (Hell)
  2 freezing wraiths
  A bunyip simulacrum (Coc:2)
  A dire elephant skeleton (Pan)
  4 tormentors
  2 tengu conjurers
  2 guardian mummies
  A spectral harpy (Tar:7)
  2 red devils
  An ancient zyme (Abyss:3)
  A hellwing (Pan)
  2 wind drakes
  2 merfolk
  7 large abominations
  4 hornets
  A shadow dragon simulacrum (Depths:2)
  3 tarantellas
  An ice dragon zombie (Crypt:3)
  A snapping turtle (Shoals:3)
  2 small abominations
  5 vampires (Crypt:3)
  5 culicivoras
  5 jumping spiders
  11 slime creatures (Slime:5)
  A wraith (Crypt:3)
  9 ynoxinuls
  5 water elementals
  A spriggan (Depths:2)
  A fire bat (Pan)
  2 yaks
  A hog (Spider:4)
  2 golden eyes (Pan)
  3 neqoxecs
  14 redbacks
  A vampire mosquito (D:13)
  5 chaos spawn
  3 harpy simulacra
  A warg (Vaults:1)
  2 floating eyes
  A hell hound (Hell)
  2 water moccasins (Lair:5)
  2 hydra simulacra
  3 wolves (Gauntlet)
  5 boggarts (Vaults:2)
  A rime drake skeleton (Crypt:3)
  2 scorpions
  An earth elemental (Elf:2)
  A water moccasin skeleton (D:4)
  6 killer bees
  A yak skeleton (Crypt:2)
  2 orc priests
  2 starcursed masses
  A hound zombie (D:4)
  2 mummies (Tomb:1)
  2 adders
  A shadow imp (D:5)
  A white imp (D:7)
  4 ufetubi
  A worm (D:3)
  A dart slug (D:1)
  9 orcs
  A spectral bat (Ossuary)
  3 bats
  2 endoplasms (D:1)
  A giant cockroach (D:4)
  2 goblins
  2 hobgoblins
  2 quokkas
  8 gnoll zombies (Ossuary)
  A goblin simulacrum (Ossuary)
  A goblin zombie (Ossuary)
  2 hobgoblin zombies (Ossuary)
  3 kobold zombies (Ossuary)
  3 orc zombies (Ossuary)
  A rat simulacrum (Ossuary)
  A spectral goblin (Ossuary)
  A spectral rat (Ossuary)
  A creeping inferno (Geh:3)
  4 fire vortices
  A snaplasher vine (Coc:6)
781 creatures vanquished.

Vanquished Creatures (collateral kills)
  Cerebov (Pan)
  Antaeus (Coc:7)
  Asmodeus (Geh:7)
  Ereshkigal (Tar:7)
  6 pandemonium lords
  Gloorx Vloq (Pan)
  Dispater (Dis:7)
  the Serpent of Hell (Tar:7)
  Lom Lobon (Pan)
  Mnoleg (Pan)
  4 dread liches
  4 ancient liches
  9 orbs of fire
  3 juggernauts (Dis:7)
  14 royal mummies
  Margery (Depths:1)
  20 shard shrikes
  5 Killer Klowns (Zot:5)
  Head Instructor (WizLab)
  Saint Roka (Vaults:1)
  Frederick (Crypt:3)
  7 golden dragons
  Geryon (Hell)
  2 curse toes
  19 caustic shrikes
  Arachne (Spider:4)
  19 bone dragons
  6 profane servitors
  12 hellephants
  16 Tzitzimimeh
  3 electric golems
  9 Brimstone Fiends
  5 doom hounds
  A shard shrike zombie (Tar:7)
  4 iron giants
  A walking crystal tome (Depths:4)
  13 tentacled monstrosities
  27 Ice Fiends
  6 liches
  10 tainted leviathans
  22 Orb Guardians (Zot:5)
  Zenata (Vaults:1)
  14 Hell Sentinels
  Rupert (D:15)
  12 titans
  11 searing wretches
  A deep elf blademaster (Elf:3)
  A walking earthen tome (Depths:4)
  5 quicksilver dragons
  26 acid blobs
  Polyphemus (Shoals:2)
  A kraken (Shoals:3)
  7 eldritch tentacles
  16 ancient champions
  24 Executioners
  5 tentacled starspawn
  5 death cobs
  4 sphinxes (Tomb:1)
  6 shadow dragons
  17 narguns
  5 tengu reavers (Vaults:5)
  4 revenants
  18 rockslimes
  9 storm dragons
  Roxanne (Spider:1)
  Ilsuiw (Shoals:3)
  9 fire giants
  5 demonspawn warmongers (Pan)
  A daeva (Abyss:3)
  4 draconian knights
  A draconian monk (Zot:5)
  2 emperor scorpions
  8 vault wardens
  A frost giant (shapeshifter) (Vaults:5)
  7 quicksilver elementals
  3 shard shrike simulacra
  6 frost giants
  A draconian scorcher (Zot:5)
  38 balrugs
  15 azure jellies
  10 iron dragons
  6 deep elf sorcerers
  2 spectral caustic shrikes
  3 draconian shifters
  2 deep elf elementalists (Elf:3)
  6 ghost moths
  A spectral juggernaut (Tar:1)
  3 curse skulls
  A ghoul (Vaults:3)
  An angel (Abyss:3)
  A draconian stormcaller (Zot:5)
  The ghost of jujucrawl the Brawler, a journeyman TrGl of Hepliaklqana (Lair:5)
  10 cacodemons (Pan)
  15 ironbound preservers
  A broodmother (Spider:1)
  4 draconian annihilators
  2 demonspawn blood saints (Pan)
  A starflower (Abyss:3)
  A demonspawn corrupter (Pan)
  12 quicksilver oozes
  36 war gargoyles
  9 ironbound thunderhulks
  A spriggan defender (Depths:2)
  16 reapers
  A caustic shrike skeleton (Crypt:2)
  7 stone giants
  11 putrid mouths
  19 very ugly things
  3 deep elf demonologists
  6 demonspawn black suns (Pan)
  2 green draconians
  5 deep elf annihilators
  14 vampire knights
  7 yellow draconians
  15 elemental wellsprings
  6 bennus
  8 black draconians
  11 lorocyprocas
  A spectral titan (Tar:4)
  4 purple draconians
  10 wendigos
  9 white draconians
  5 red draconians
  6 dire elephants
  4 spark wasps
  A minotaur (Gauntlet)
  11 eidola
  5 ettins
  16 iron golems
  4 fire dragons
  10 merfolk impalers
  8 blizzard demons (Pan)
  8 green deaths (Pan)
  6 deep elf death magi
  A spectral quicksilver dragon (Tar:2)
  11 mummy priests
  A spectral golden dragon (Tar:5)
  14 jiangshi
  13 yaktaur captains
  A spriggan zombie (Crypt:3)
  A spectral fenstrider witch (Tar:1)
  3 merfolk javelineers
  3 deep elf high priests
  An entropy weaver (Vaults:1)
  6 spectral spriggans
  5 great orbs of eyes
  18 vault guards
  A rakshasa (Depths:3)
  5 ice dragons
  6 merfolk avatars
  An ogre mage (Vaults:4)
  12 salamander tyrants
  3 hydras
  5 caustic shrike simulacra
  2 spriggan air magi
  A catoblepas (Shoals:2)
  6 juggernaut simulacra
  A quicksilver dragon skeleton (Hell)
  4 ironbound frosthearts
  4 spriggan skeletons
  3 hell beasts
  A jorogumo (Spider:3)
  3 radroaches
  Erolcha (D:11)
  2 spectral stone giants (Tar:1)
  An alligator snapping turtle (Shoals:4)
  5 boulder beetles
  7 deep troll shamans
  A death knight (Crypt:3)
  3 merfolk aquamancers
  6 stokers
  A satyr (Shoals:4)
  13 vampire magi
  12 two-headed ogres
  10 centaur warriors
  14 dancing weapons
  2 azure jelly zombies (Crypt:2)
  4 death scarabs (Tomb:3)
  14 death yaks
  8 deep troll earth magi
  22 hell hogs
  7 thrashing horrors
  3 orc high priests (Orc:2)
  12 hell knights
  2 spriggan berserkers
  A storm dragon zombie (Crypt:3)
  5 spectral nagas
  A tengu warrior (D:11)
  20 soul eaters
  A spectral dire elephant (Tar:3)
  7 deep elf knights
  3 shock serpents (Pan)
  A titan skeleton (Pan)
  51 sun demons
  10 crystal echidnas
  A salamander mystic (WizLab)
  6 pharaoh ants
  33 shadow wraiths
  2 spectral anacondas
  A spectral bunyip (Tar:1)
  2 golden dragon zombies (Crypt:3)
  3 iron trolls (Depths:4)
  11 sixfirhies
  6 shadow demons (Pan)
  10 sea snakes
  9 wretched stars
  A quicksilver dragon simulacrum (Coc:3)
  9 orb spiders
  28 skeletal warriors
  A kraken simulacrum (Shoals:4)
  A glowing orange brain (Abyss:3)
  53 deep trolls
  7 skysharks
  5 flayed ghosts
  7 lindwurms
  An anaconda skeleton (Pan)
  8 wizards
  A sphinx zombie (Crypt:3)
  4 spriggan simulacra
  10 ironbound convokers
  A fenstrider witch simulacrum (Tomb:2)
  23 deep elf zephyrmancers
  10 phantasmal warriors
  A golden dragon skeleton (Depths:2)
  9 necromancers
  6 steelbarb worms
  11 deep elf archers
  4 mana vipers (WizLab)
  9 orc knights
  An obsidian statue (Zot:5)
  12 harpies
  A shadow dragon skeleton (Pan)
  9 deep elf pyromancers
  7 orc sorcerers
  A frost giant zombie (Crypt:1)
  13 wolf spiders
  17 ugly things
  12 manticores
  3 oklob plants (Abyss:3)
  8 cyclopes
  12 moths of wrath
  5 fauns
  A jorogumo skeleton (Crypt:3)
  8 merfolk sirens
  9 black mambas
  7 elephants
  40 large abominations
  3 apocalypse crabs (Abyss:2)
  4 ice statues
  2 guardian serpents
  12 shining eyes
  7 rust devils (Hell)
  3 vault sentinels
  15 demonic crawlers
  4 titan simulacra
  8 cane toads
  A naga mage (Abyss:2)
  An iron dragon skeleton (Pan)
  A purple draconian zombie (Crypt:1)
  A dire elephant skeleton (Pan)
  24 smoke demons
  4 eyes of devastation
  14 orange demons
  A centaur skeleton (Tomb:2)
  7 molten gargoyles (Geh:7)
  Psyche (D:11)
  An alligator snapping turtle zombie (Crypt:2)
  3 torpor snails
  6 water nymphs
  A minotaur zombie (Gauntlet)
  5 rime drakes
  An unseen horror (D:11)
  7 anaconda simulacra
  11 ice devils
  19 yaktaurs
  2 sea snake zombies
  2 golden dragon simulacra
  6 tengu conjurers
  3 komodo dragons (Lair:2)
  3 bunyip simulacra (Coc:2)
  8 efreet
  A komodo dragon (shapeshifter) (Vaults:5)
  41 hellions
  A yaktaur (shapeshifter) (Vaults:5)
  18 tormentors
  37 guardian mummies
  3 iron giant simulacra
  An unseen horror skeleton (Crypt:3)
  8 freezing wraiths
  3 ancient zymes
  5 trolls
  5 red devils
  A hydra zombie (Hell)
  12 hellwings
  A queen bee (D:11)
  3 spectral harpies
  6 hornets
  34 merfolk
  A shadow dragon simulacrum (Coc:1)
  A meliai (Lair:3)
  6 raiju (Abyss:3)
  A moth of wrath zombie (Crypt:1)
  17 tarantellas
  2 wind drakes
  A hornet (shapeshifter) (Vaults:5)
  5 hydra skeletons
  5 harpy skeletons
  11 snapping turtles
  A stone giant simulacrum (Coc:2)
  19 blink frogs
  An iron dragon simulacrum (Coc:3)
  2 alligator skeletons (Hell)
  A spectral black mamba (Tar:1)
  2 dream sheep (Shoals:1)
  3 air elementals
  79 slime creatures
  18 flying skulls
  19 jumping spiders
  3 spriggans
  7 wraiths
  11 culicivoras
  3 shadows
  18 vampires
  26 ynoxinuls
  11 wyverns
  A spriggan (shapeshifter) (D:15)
  2 fire bats (Pan)
  6 dire elephant simulacra
  9 ushabtiu
  3 hogs (Spider:4)
  14 water elementals
  52 yaks
  8 golden eyes
  29 redbacks
  12 vampire mosquitoes
  8 chaos spawn
  2 fire elementals
  A steam dragon (D:10)
  6 basilisks
  20 neqoxecs
  A deep troll zombie (Crypt:2)
  3 swamp worms (Gauntlet)
  2 hydra simulacra (Coc:3)
  12 harpy simulacra
  20 water moccasins
  A warg (Orc:1)
  4 acid dragons
  9 hell hounds
  A floating eye (Pan)
  2 human skeletons
  18 small abominations
  A black bear (D:5)
  A blink frog zombie (Crypt:2)
  2 ice beasts
  A sky beast (D:8)
  28 orc warriors
  8 ogres
  9 wolves
  8 centaurs
  3 ettin simulacra
  A swamp dragon skeleton (Crypt:1)
  A phantom (D:5)
  2 necrophages
  2 kobold brigands
  A scorpion (D:4)
  8 bullfrogs
  2 naga simulacra
  2 gnoll sergeants
  3 wights (D:8)
  A shapeshifter zombie (Crypt:1)
  36 killer bees
  2 lindwurm simulacra (IceCv)
  2 howler monkeys
  3 crimson imps (Pan)
  4 komodo dragon simulacra (IceCv)
  3 jellies
  2 quasits
  A hound (D:5)
  3 iron imps (Abyss:3)
  A gnoll bouda (D:4)
  17 orc priests
  21 starcursed masses
  2 human zombies (Crypt:1)
  A scorpion zombie (D:4)
  Natasha (twice) (D:2)
  4 iguanas
  25 orc wizards
  5 hell rats (Hell)
  A deep dwarf skeleton (Crypt:2)
  2 hound zombies (D:4)
  3 naga skeletons
  An acid dragon skeleton (Crypt:3)
  35 mummies
  A howler monkey zombie (D:4)
  3 acid dragon simulacra (IceCv)
  9 gnolls
  8 adders
  5 white imps
  3 steam dragon simulacra (IceCv)
  An ufetubus (Abyss:3)
  2 adder zombies (D:4)
  A lava snake zombie (Crypt:1)
  64 orcs
  8 endoplasms
  6 giant cockroaches
  4 gnoll zombies (Ossuary)
  3 hobgoblins
  6 kobolds
  2 quokkas
  5 ball pythons
  4 bats
  4 frilled lizards
  6 goblins
  4 goblin simulacra (Ossuary)
  A goblin zombie (Ossuary)
  3 hobgoblin zombies (Ossuary)
  4 kobold simulacra (Ossuary)
  3 kobold zombies (Ossuary)
  2 orc zombies (Ossuary)
  3 rats
  3 rat simulacra (Ossuary)
  A rat zombie (Crypt:2)
  2 spectral goblins (Ossuary)
  3 spectral kobolds (Ossuary)
  2 spectral rats (Ossuary)
  6 bushes
  2 creeping infernos
  11 fire vortices
  4 starspawn tentacles
  3 tentacles (Shoals:3)
3126 creatures vanquished.

Vanquished Creatures (others)
  An ancient lich (Vaults:5)
  Vv (Depths:2)
  11 royal mummies
  3 doom hounds
  A lich (Vaults:5)
  2 titans (Vaults:5)
  4 ancient champions (Tomb:3)
  52 eldritch tentacles
  A tengu reaver (Depths:4)
  A draconian knight (Zot:2)
  2 fire giants
  A frost giant (Vaults:5)
  2 vault wardens
  A draconian scorcher (Zot:3)
  An ironbound preserver (Vaults:2)
  4 war gargoyles
  3 stone giants (Vaults:5)
  A bennu (Tomb:2)
  3 yellow draconians
  A starcursed mass (Abyss:2)
  A black draconian (Depths:4)
  A red draconian (Zot:2)
  A fire dragon (Depths:4)
  2 merfolk javelineers (Shoals:4)
  4 ettins
  4 merfolk impalers
  6 mummy priests
  A jorogumo (Spider:1)
  5 hydras
  9 vault guards (Vaults:5)
  An ogre mage (D:15)
  2 caustic shrike simulacra
  2 salamander tyrants
  A juggernaut simulacrum (Coc:2)
  A centaur warrior (D:14)
  An ironbound frostheart (Vaults:4)
  2 two-headed ogres
  A death yak (Lair:5)
  2 hell hogs
  4 satyrs
  4 hell knights
  A skyshark (Shoals:2)
  2 skeletal warriors
  2 deep elf knights (Elf:1)
  4 deep trolls
  A shadow demon (Pan)
  2 necromancers
  A fenstrider witch simulacrum (Coc:1)
  A spriggan simulacrum (Tomb:3)
  3 harpies (Shoals:1)
  A lindwurm (Vaults:3)
  A deep elf zephyrmancer (Elf:1)
  3 fauns (Shoals:3)
  A black mamba (Lair:5)
  A guardian serpent (Lair:5)
  2 gargoyles (D:11)
  A titan simulacrum (Coc:4)
  A cane toad (Lair:1)
  3 hellions
  An iron giant simulacrum (Coc:4)
  2 yaktaurs
  10 guardian mummies
  3 merfolk
  A troll (D:10)
  A shadow dragon simulacrum (Coc:1)
  A harpy skeleton (Tomb:3)
  A hornet (D:9)
  2 wind drakes (Shoals:3)
  A snapping turtle (Shoals:4)
  5 flying skulls (Tomb:3)
  2 wyverns (Lair:5)
  11 ushabtiu
  A ynoxinul (Pan)
  A dire elephant simulacrum (Coc:6)
  15 yaks
  A basilisk (Lair:1)
  A fire bat (Pan)
  2 redbacks (Gauntlet)
  A vampire mosquito (D:12)
  A water moccasin (Lair:5)
  3 harpy simulacra
  An orc warrior (Orc:1)
  2 centaurs
  A small abomination (Abyss:2)
  A necrophage (D:5)
  2 wights (D:8)
  7 komodo dragon simulacra (IceCv)
  2 orc wizards
  14 mummies
  An acid dragon simulacrum (IceCv)
  An ufetubus (Abyss:3)
  A steam dragon simulacrum (IceCv)
  4 orcs
  An endoplasm (Lair:5)
  9 ball lightnings (Pan)
  3 bushes
  A creeping inferno (Geh:1)
  2 demonic plants (Abyss:3)
  9 fire vortices
  61 fungi
  2 lurking horrors (Abyss:3)
  229 plants
  102 snaplasher vines
  15 starspawn tentacles
  13 tentacles
  14 withered plants
747 creatures vanquished.

Grand Total: 4654 creatures vanquished

Notes
Turn   | Place    | Note
-------+----------+-------------------------------------------
     0 | D:1      | jt the Barachi Summoner began the quest for the Orb.
     0 | D:1      | Reached XP level 1. HP: 13/13 MP: 3/3
   145 | D:1      | Reached skill level 5 in Summonings
   162 | D:1      | Reached XP level 2. HP: 19/19 MP: 3/5
   165 | D:1      | Learned a level 2 spell: Call Imp
   662 | D:1      | Reached XP level 3. HP: 22/24 MP: 4/7
  1083 | D:1      | Reached skill level 1 in Armour
  1480 | D:2      | Noticed Natasha
  1484 | D:2      | Killed Natasha
  1485 | D:2      | Reached XP level 4. HP: 30/30 MP: 6/8
  1904 | D:2      | Noticed Natasha
  1913 | D:2      | Killed Natasha
  1914 | D:2      | Reached XP level 5. HP: 28/35 MP: 10/10
  2052 | D:3      | Found a radiant altar of Vehumet.
  2305 | D:3      | Learned a level 3 spell: Call Canine Familiar
  2757 | D:4      | Noticed an ogre
  2806 | D:4      | Killed an ogre
  2807 | D:4      | Reached XP level 6. HP: 41/41 MP: 2/13
  2994 | D:4      | Reached skill level 5 in Spellcasting
  3026 | D:4      | Reached XP level 7. HP: 44/46 MP: 6/15
  3425 | D:4      | Learned a level 3 spell: Summon Guardian Golem
  3559 | D:4      | Reached skill level 1 in Hexes
  3970 | D:5      | Entered Level 5 of the Dungeon
  4009 | D:5      | Reached XP level 8. HP: 45/52 MP: 4/17
  4223 | D:5      | Found an iron altar of Okawaru.
  4223 | D:5      | Found a blossoming altar of Fedhas.
  4244 | D:5      | Found an opulent altar of Gozag.
  4266 | D:5      | Became a worshipper of Gozag Ym Sagoz the Greedy
  4796 | D:6      | Identified the +1 leather armour of Idealism {+Blink Fly
                  | rF- Int-5}
  4934 | D:6      | Found Keadghoed's Weapon Emporium.
  5029 | D:6      | Found a broken altar of Ashenzari.
  5464 | D:7      | Reached skill level 1 in Fighting
  5594 | D:7      | Found a staircase to the Ecumenical Temple.
  5940 | D:8      | Found Ogi Vym's Distillery.
  5954 | D:8      | Reached XP level 9. HP: 61/61 MP: 12/19
  5987 | D:8      | Reached skill level 1 in Throwing
  5992 | D:8      | Bought a potion of curing for 36 gold pieces
  5992 | D:8      | Bought a potion of haste for 120 gold pieces
  5992 | D:8      | Bought a potion of might for 48 gold pieces
  5992 | D:8      | Bought a potion of degeneration for 12 gold pieces
  6032 | D:8      | Found a sand-covered staircase.
  6052 | Ossuary  | Entered an ossuary
  6568 | D:8      | Reached skill level 5 in Hexes
  6579 | D:8      | Reached skill level 10 in Summonings
  7320 | D:8      | Identified the +1 leather armour of Insecurity {+Blink}
  7469 | D:8      | Learned a level 4 spell: Summon Lightning Spire
  7480 | D:9      | Noticed a hornet
  7488 | D:9      | Killed a hornet
  7489 | D:9      | Reached skill level 5 in Fighting
  7489 | D:9      | Reached skill level 1 in Air Magic
  7489 | D:9      | Reached XP level 10. HP: 58/74 MP: 8/22
  7491 | D:9      | Noticed a two-headed ogre
  7497 | D:9      | Killed a two-headed ogre
  7660 | D:9      | Found a staircase to the Orcish Mines.
  7845 | D:9      | Noticed a cyclops
  7866 | D:9      | Killed a cyclops
  8234 | D:9      | Found Qudit's General Store.
  8243 | D:9      | Bought a wand of charming (3) for 86 gold pieces
  8243 | D:9      | Bought a Fen Folio for 504 gold pieces
  8243 | D:9      | Bought a scroll of noise for 12 gold pieces
  8521 | D:9      | Reached skill level 5 in Air Magic
  8651 | D:10     | Entered Level 10 of the Dungeon
  8665 | D:10     | Reached skill level 10 in Spellcasting
  8665 | D:10     | Reached skill level 1 in Translocations
  8674 | D:10     | Reached XP level 11. HP: 58/79 MP: 11/25
  8825 | D:10     | Found a stormy altar of Qazlal.
  8908 | D:10     | Found a staircase to the Lair.
  8934 | D:10     | Noticed a cyclops
  8953 | D:10     | Killed a cyclops
  9267 | D:10     | Reached skill level 5 in Translocations
  9645 | D:10     | Noticed a cyclops
  9665 | D:10     | Killed a cyclops
 10275 | Lair:1   | Entered Level 1 of the Lair of Beasts
 10282 | Lair:1   | Learned a level 5 spell: Summon Forest
 10663 | Lair:1   | Identified the +0 plate armour of Doqyofav {rF+ rC++}
 10665 | Lair:1   | Identified 3 scrolls of acquirement
 10665 | Lair:1   | Acquired a +6 ring of intelligence
 10666 | Lair:1   | Acquired a +1 buckler of cold resistance
 10667 | Lair:1   | Acquired 1006 gold pieces
 10780 | Lair:1   | Noticed a skyshark
 10786 | Lair:1   | Killed a skyshark
 10787 | Lair:1   | Reached XP level 12. HP: 70/86 MP: 18/27
 11363 | Lair:2   | Identified the +8 dagger of Resub {flame, rN+ SInv}
 11674 | Lair:2   | Reached skill level 5 in Shields
 11801 | Lair:2   | Reached skill level 10 in Translocations
 12211 | Lair:3   | Found a hole to the Spider Nest.
 12467 | Lair:3   | Found a staircase to the Shoals.
 12655 | Lair:3   | Noticed a seven-headed hydra
 12664 | Lair:3   | Killed a seven-headed hydra
 12684 | Lair:3   | Noticed an eight-headed hydra
 12687 | Lair:3   | Killed an eight-headed hydra
 13115 | Lair:3   | Learned a level 4 spell: Passage of Golubria
 13121 | Lair:3   | Learned a level 5 spell: Summon Mana Viper
 13213 | Lair:4   | Gained mutation: You can hop long distances. [Barachi
                  | growth]
 13213 | Lair:4   | Reached XP level 13. HP: 86/91 MP: 28/28
 14391 | Lair:5   | Entered Level 5 of the Lair of Beasts
 14405 | Lair:5   | Found a viscous altar of Jiyva.
 14478 | Lair:5   | Found a runed translucent gate.
 14482 | Lair:5   | Found a runed translucent gate.
 14501 | Lair:5   | Reached skill level 15 in Summonings
 14537 | Lair:5   | Noticed jujucrawl's ghost (journeyman TrGl)
 14578 | Lair:5   | Found a runed translucent gate.
 14614 | Lair:5   | Killed jujucrawl's ghost
 14691 | Lair:5   | Reached XP level 14. HP: 98/98 MP: 19/31
 14785 | Lair:5   | Found a staircase to the Slime Pits.
 16106 | D:10     | Bought a potion of curing for 117 gold pieces
 16106 | D:10     | Bought a wand of roots (7) for 655 gold pieces
 16130 | Orc:1    | Entered Level 1 of the Orcish Mines
 16137 | Orc:1    | Found Kupsod's General Store.
 16161 | Orc:1    | Bought a scroll of blinking for 105 gold pieces
 16161 | Orc:1    | Bought a scroll of teleportation for 42 gold pieces
 16161 | Orc:1    | Bought a potion of curing for 42 gold pieces
 16162 | Orc:1    | Found a frozen archway.
 16198 | IceCv    | Entered an ice cave
 16577 | IceCv    | Identified the ring "Xupurakh" {Contam +Blink rF+ rN+ EV+5}
 16589 | IceCv    | Identified the ring "Kaxujyosch" {rCorr MP+9 Dex+6 Stlth-}
 16739 | Orc:1    | Reached skill level 15 in Spellcasting
 17140 | Orc:2    | Entered Level 2 of the Orcish Mines
 17450 | Orc:2    | Learned a level 6 spell: Summon Cactus Giant
 17552 | Orc:2    | Found a staircase to the Elven Halls.
 17655 | Orc:2    | Reached XP level 15. HP: 103/103 MP: 30/34
 17851 | Orc:2    | Found Uwomar's Jewellery Boutique.
 17851 | Orc:2    | Found Odupsor's Weapon Boutique.
 17855 | Orc:2    | Found Coong's General Store.
 17892 | Orc:2    | Found Ijuasch's Armour Emporium.
 17893 | Orc:2    | Bought 2 potions of heal wounds for 140 gold pieces
 17897 | Orc:2    | Bought a wand of roots (5) for 168 gold pieces
 17909 | Orc:2    | Bought a +2 helmet of intelligence for 344 gold pieces
 18111 | Orc:2    | Learned a level 4 spell: Anguish
 18272 | D:11     | Found Ilocatza's Hydra Hut.
 18291 | D:11     | Noticed Psyche
 18304 | D:11     | Killed Psyche
 18346 | D:11     | Reached skill level 1 in Necromancy
 18355 | D:11     | HP: 5/103 [poisoned by a green ugly thing]
 18650 | D:11     | Noticed Erolcha
 18657 | D:11     | Killed Erolcha
 21660 | D:13     | Found a gate to the Vaults.
 22311 | D:14     | Reached skill level 5 in Necromancy
 22313 | D:14     | Found a gate leading to a gauntlet.
 22330 | Gauntlet | Entered a Gauntlet
 22330 | Gauntlet | Found a transporter.
 22330 | Gauntlet | Found a transporter.
 22330 | Gauntlet | Found a runed translucent gate.
 22330 | Gauntlet | Found a transporter.
 22331 | Gauntlet | Found a transporter.
 22332 | Gauntlet | Found a transporter.
 22332 | Gauntlet | Found a runed translucent gate.
 22333 | Gauntlet | Found a runed translucent gate.
 22334 | Gauntlet | Found a transporter.
 22342 | Gauntlet | Found a transporter.
 22344 | Gauntlet | Found a transporter.
 22346 | Gauntlet | Found a transporter.
 22347 | Gauntlet | Found a transporter.
 22354 | Gauntlet | Found a transporter.
 22359 | Gauntlet | Found a transporter.
 22642 | Gauntlet | Identified the +2 pair of boots of the Trombone {+Inv Str-3
                  | Int+8}
 22786 | Gauntlet | Learned a level 7 spell: Summon Hydra
 22886 | Gauntlet | Got Sif Muna's Meditations on the Shapeshifter
 23073 | D:14     | Found a portal to a secret trove of treasure.
 23079 | D:14     | Bought a runed scarf for 296 gold pieces
 23471 | D:14     | Acquired 986 gold pieces
 23500 | D:15     | Entered Level 15 of the Dungeon
 23505 | D:15     | Reached XP level 16. HP: 109/109 MP: 33/36
 23753 | D:15     | Found a staircase to the Depths.
 24037 | D:15     | Noticed Rupert
 24047 | D:15     | Killed Rupert
 24343 | Shoals:1 | Entered Level 1 of the Shoals
 24348 | Shoals:1 | Reached skill level 5 in Dodging
 24362 | Shoals:1 | Reached skill level 1 in Earth Magic
 25589 | Shoals:2 | Noticed Polyphemus
 25602 | Shoals:2 | Killed Polyphemus
 25606 | Shoals:2 | Reached skill level 1 in Evocations
 25955 | Shoals:2 | Learned a level 5 spell: Borgnjor's Vile Clutch
 26423 | D:6      | Bought the +9 dagger "Keanak" {heavy, rElec rPois rC-
                  | Will++} for 959 gold pieces
 27013 | Shoals:2 | Reached XP level 17. HP: 121/121 MP: 38/38
 27342 | Shoals:3 | Found Locvymne's Assorted Antiques.
 27471 | Shoals:3 | Bought a gold wand for 100 gold pieces
 27473 | Shoals:3 | Bought 2 potions of curing for 150 gold pieces
 27886 | Shoals:3 | Noticed Ilsuiw
 27908 | Shoals:3 | Killed Ilsuiw
 27909 | Shoals:3 | Reached skill level 10 in Shields
 27973 | Shoals:3 | Found a runed translucent door.
 27975 | Shoals:3 | Noticed Qeucad's ghost (adept DDNe)
 28236 | Shoals:3 | Noticed a kraken
 28255 | Shoals:3 | Killed a kraken
 28390 | Shoals:4 | Entered Level 4 of the Shoals
 28841 | Shoals:4 | Reached skill level 5 in Earth Magic
 29307 | Shoals:4 | Noticed Aizul
 29396 | Shoals:4 | Killed Aizul
 30034 | Shoals:4 | Reached XP level 18. HP: 94/134 MP: 32/40
 30036 | Shoals:4 | Reached skill level 10 in Fighting
 30259 | Shoals:4 | Got a barnacled rune of Zot
 30809 | Spider:1 | Entered Level 1 of the Spider Nest
 30855 | Spider:1 | Identified Roxanne's Elucidation of the Lithosphere
 30855 | Spider:1 | Noticed Roxanne
 30865 | Spider:1 | Killed Roxanne
 31345 | Spider:1 | Learned a level 7 spell: Haunt
 32650 | Spider:2 | Reached skill level 10 in Dodging
 33325 | Spider:2 | Identified the +7 halberd "Ysecar" {drain, rN+ MP+9 Int-3
                  | Dex+2}
 35522 | Spider:4 | Entered Level 4 of the Spider Nest
 35528 | Spider:4 | Noticed Louise
 35534 | Spider:4 | Killed Louise
 35632 | Spider:4 | Noticed Kirke
 35643 | Spider:4 | Killed Kirke
 35925 | Spider:4 | Reached XP level 19. HP: 146/146 MP: 36/41
 36308 | Spider:4 | Noticed Arachne
 36318 | Spider:4 | Killed Arachne
 36875 | Spider:4 | Got a gossamer rune of Zot
 37186 | D:10     | Bought a scroll of teleportation for 117 gold pieces
 37339 | D:14     | You paid a toll of 14 scrolls of teleportation to enter a
                  | treasure trove
 37340 | Trove    | Entered a treasure trove
 37346 | Trove    | Identified the ring of Pasitob {Contam Fly rPois Int+3}
 37348 | Trove    | Identified the ring "Vumunt" {rF+ rC+ Str-3 Dex+3 Slay+2}
 37354 | Trove    | Identified the ring "Heirit" {rElec rF+ rN++ rCorr Str-5}
 37362 | Trove    | Identified the ring of Ryupikae {rPois Will+ Str+6 Stlth+}
 37401 | D:14     | Bought spiked storm dragon scales for 3145 gold pieces
 37401 | D:14     | Identified the +10 storm dragon scales of Dithmenos's
                  | Regard {rElec Dex+3} (You bought it in a shop on level 14
                  | of the Dungeon)
 37506 | Vaults:1 | Entered Level 1 of the Vaults
 37527 | Vaults:1 | Found Vit Peeg's General Store.
 37527 | Vaults:1 | Found Cegeappo's Magic Scroll Boutique.
 37534 | Vaults:1 | Bought a potion of curing for 33 gold pieces
 37534 | Vaults:1 | Bought a potion of magic for 88 gold pieces
 37534 | Vaults:1 | Bought a potion of haste for 110 gold pieces
 37534 | Vaults:1 | Bought a potion of magic for 88 gold pieces
 37558 | Vaults:1 | Found Yschiof's Distillery.
 37564 | Vaults:1 | Bought a potion of curing for 45 gold pieces
 37564 | Vaults:1 | Bought 2 potions of heal wounds for 150 gold pieces
 37564 | Vaults:1 | Bought a potion of mutation for 120 gold pieces
 37564 | Vaults:1 | Bought a potion of mutation for 120 gold pieces
 37575 | Vaults:1 | Found Pumpebol's Weapon Shop.
 37583 | Vaults:1 | Bought a potion of cancellation for 120 gold pieces
 37598 | Vaults:1 | Bought 4 curare-tipped darts for 100 gold pieces
 37658 | Vaults:1 | Noticed Zenata
 38002 | Vaults:1 | Killed Zenata
 38619 | Vaults:1 | Found a runed translucent gate.
 38619 | Vaults:1 | Found a runed translucent gate.
 38619 | Vaults:1 | Found a runed translucent gate.
 38619 | Vaults:1 | Noticed Vivivvi's ghost (veteran DjCj)
 38687 | Vaults:1 | Noticed Saint Roka
 38706 | Vaults:1 | Killed Saint Roka
 39746 | Vaults:1 | Reached skill level 5 in Evocations
 39861 | Vaults:1 | Reached skill level 10 in Necromancy
 40163 | Vaults:2 | Noticed Donald
 40169 | Vaults:2 | Killed Donald
 40247 | Vaults:2 | Found a magical portal.
 40284 | Vaults:2 | Reached XP level 20. HP: 156/156 MP: 42/42
 40290 | WizLab   | Entered Yara's Duelist Academy
 40369 | WizLab   | Noticed Zaneddug
 40386 | WizLab   | Killed Zaneddug the Head Instructor
 41375 | Vaults:2 | Identified the +8 arbalest "Fiyx" {penet, Int+3 Stlth+}
 41504 | Vaults:2 | Identified the +0 buckler of Duck's Teeth {Harm Str+4}
 42331 | Vaults:2 | Learned a level 2 spell: Passwall
 43166 | Vaults:3 | Reached skill level 15 in Shields
 43409 | Vaults:3 | Reached skill level 15 in Fighting
 43528 | Vaults:3 | Found a staircase to the Crypt.
 43873 | Vaults:3 | Reached XP level 21. HP: 151/168 MP: 41/43
 44712 | Vaults:4 | Identified the +0 rapier of Unreason {holy, Str+5 Stlth+}
 45772 | Vaults:5 | Entered Level 5 of the Vaults
 45772 | Vaults:5 | Noticed a dread lich
 45881 | Vaults:5 | Acquired a book of Decay
 45902 | Vaults:5 | Killed an ancient lich
 45903 | Vaults:5 | Reached skill level 15 in Dodging
 45928 | Vaults:5 | Noticed an ancient lich
 45929 | Vaults:5 | Killed a dread lich
 45950 | Vaults:5 | Noticed a golden dragon
 45986 | Vaults:5 | Killed a golden dragon
 47495 | Vaults:5 | Reached XP level 22. HP: 134/179 MP: 18/45
 47910 | Vaults:5 | Noticed an ancient lich
 47952 | Vaults:5 | Killed an ancient lich
 48530 | Vaults:5 | Noticed an ancient lich
 48720 | Vaults:5 | Killed an ancient lich
 49031 | Vaults:5 | Got the Parchment of Prime Therianthropy
 49328 | Vaults:5 | Noticed a golden dragon
 49338 | Vaults:5 | Killed a golden dragon
 49515 | Vaults:5 | Got the Guidebook on Deathly Confrontation
 49599 | Vaults:5 | Got a silver rune of Zot
 49847 | Vaults:5 | Learned a level 4 spell: Dispel Undead
 50207 | Shoals:3 | Killed Qeucad's ghost
 50496 | Vaults:1 | Killed Vivivvi's ghost
 50500 | Vaults:1 | Identified the +4 great sword "Bofinir" {flame, rElec Str-2
                  | Dex+4 SInv}
 50631 | Depths:1 | Entered Level 1 of the Depths
 50671 | Depths:1 | Noticed Margery
 50680 | Depths:1 | Killed Margery
 50688 | Depths:1 | Found a gateway to Hell.
 51735 | Depths:1 | Found a hazy altar of Hepliaklqana.
 51750 | Depths:1 | Found a one-way gate to the infinite horrors of the Abyss.
 51847 | Depths:2 | Noticed Grunn
 52907 | Depths:1 | Killed Grunn
 53464 | Depths:2 | Noticed Vv
 53504 | Depths:2 | Killed Vv
 53705 | Depths:2 | Found Plog's Assorted Antiques.
 53706 | Depths:2 | Found Ucvahyje's Distillery.
 53709 | Depths:2 | Bought a potion of curing for 132 gold pieces
 53715 | Depths:2 | Bought a potion of curing for 30 gold pieces
 53715 | Depths:2 | Bought a potion of haste for 100 gold pieces
 53715 | Depths:2 | Bought a potion of heal wounds for 50 gold pieces
 53715 | Depths:2 | Bought a potion of curing for 30 gold pieces
 53715 | Depths:2 | Bought a potion of curing for 30 gold pieces
 53746 | Depths:2 | Reached XP level 23. HP: 133/190 MP: 25/46
 53880 | Depths:2 | Identified the +1 morningstar of Saczy {flame, rF- rCorr
                  | Int+6}
 54427 | Depths:2 | Found a one-way gate leading to the halls of Pandemonium.
 54739 | Depths:2 | Found Zon Atics's Jewellery Emporium.
 55390 | Depths:2 | Noticed a caustic shrike
 55399 | Depths:2 | Killed a caustic shrike
 55615 | Depths:2 | Noticed a golden dragon
 55623 | Depths:2 | Killed a golden dragon
 56025 | Depths:3 | Found Edojaebb's Self-Improvement Boutique.
 56340 | Depths:3 | Found a one-way gateway to a ziggurat.
 56390 | Depths:3 | Paralysed by a floating eye for 4 turns
 56460 | Depths:3 | Acquired 776 gold pieces
 57873 | Depths:3 | Found a blossoming altar of Fedhas.
 57899 | Depths:4 | Entered Level 4 of the Depths
 57971 | Depths:4 | Reached skill level 5 in Armour
 58082 | Depths:4 | Noticed a golden dragon
 58091 | Depths:4 | Killed a golden dragon
 58944 | Depths:4 | Noticed a golden dragon
 59154 | Depths:4 | Reached XP level 24. HP: 194/200 MP: 39/47
 59772 | Depths:4 | Found a runed translucent door.
 59783 | Depths:4 | Found a runed translucent door.
 59783 | Depths:4 | Found a runed translucent door.
 60136 | Depths:4 | Found a runed translucent door.
 60176 | Depths:4 | Found a runed translucent door.
 60178 | Depths:4 | Found a runed translucent door.
 60220 | Depths:4 | Found a gate to the Realm of Zot.
 60781 | Zot:1    | Entered Level 1 of the Realm of Zot
 61406 | Elf:1    | Entered Level 1 of the Elven Halls
 61851 | Elf:1    | Found Ewamam's Weapon Emporium.
 61854 | Elf:1    | Found Fobica's Weapon Shoppe.
 61859 | Elf:1    | Found Ynyduegept's Book Emporium.
 61873 | Elf:1    | Bought the Incunabulum of the Singularity for 448 gold
                  | pieces
 61881 | Elf:1    | Learned a level 7 spell: Malign Gateway
 62364 | Elf:1    | Found Enganano's Jewellery Shoppe.
 63216 | Elf:2    | Found a runed translucent gate.
 63217 | Elf:2    | Found a runed translucent gate.
 63222 | Elf:2    | Found a runed translucent gate.
 63807 | Elf:3    | Entered Level 3 of the Elven Halls
 64407 | Elf:3    | Found Avairap's Armour Shop.
 64492 | Elf:3    | Identified the +2 war axe "Nuxkos" {flame, rElec Str+2}
 64504 | Elf:3    | Identified the ring of the Salamander {rElec rPois AC+4}
 64510 | Elf:3    | Reached XP level 25. HP: 210/210 MP: 24/47
 65307 | Elf:3    | Got the Book of Scintillating Calling
 65314 | Elf:3    | Got the Vellum of the Tropical Valley
 65321 | Elf:3    | Got Fes Pill's Elucidation of the Fetching Caves
 65343 | Elf:3    | Identified the +4 sling "Mud Pie of Death" {antimagic,
                  | Int+7}
 65900 | Depths:1 | Learned a level 9 spell: Dragon's Call
 66985 | Zot:1    | Found Moluohoc's CLEARANCE SALE!.
 66996 | Zot:1    | Bought a scroll of fog for 20 gold pieces
 69023 | Zot:3    | Noticed an orb of fire
 69029 | Zot:3    | Killed an orb of fire
 69437 | Zot:5    | Entered Level 5 of the Realm of Zot
 69437 | Zot:5    | Noticed a Killer Klown
 69442 | Zot:5    | Killed a Killer Klown
 70642 | Zot:5    | Reached XP level 26. HP: 191/217 MP: 36/49
 70666 | Zot:5    | Noticed a dread lich
 70678 | Zot:5    | Killed a dread lich
 70679 | Zot:5    | Noticed a Killer Klown
 70692 | Zot:5    | Killed a Killer Klown
 71046 | Zot:5    | Noticed a Killer Klown
 71054 | Zot:5    | Noticed a Killer Klown
 71060 | Zot:5    | Killed a Killer Klown
 71065 | Zot:5    | Noticed an orb of fire
 71066 | Zot:5    | Noticed an orb of fire
 71077 | Zot:5    | Killed a Killer Klown
 71085 | Zot:5    | Killed an orb of fire
 71146 | Zot:5    | Gained mutation: You are occasionally teleported next to
                  | monsters. [an orb of fire]
 71156 | Zot:5    | Lost mutation: You are occasionally teleported next to
                  | monsters. [potion of mutation]
 71156 | Zot:5    | Gained mutation: You have a pair of small antennae on your
                  | head. [potion of mutation]
 71156 | Zot:5    | Gained mutation: You are dopey. (Int -2) [potion of
                  | mutation]
 71156 | Zot:5    | Gained mutation: You have a somewhat thin skeletal
                  | structure. (Dex +2, Stealth+) [potion of mutation]
 71156 | Zot:5    | Gained mutation: You are partially covered in iridescent
                  | scales. (AC +2) [potion of mutation]
 71157 | Zot:5    | Killed an orb of fire
 71165 | Zot:5    | Lost mutation: You are partially covered in iridescent
                  | scales. (AC +2) [potion of mutation]
 71165 | Zot:5    | Lost mutation: You have a pair of small antennae on your
                  | head. [potion of mutation]
 71165 | Zot:5    | Gained mutation: You are partially covered in iridescent
                  | scales. (AC +2) [potion of mutation]
 71165 | Zot:5    | Gained mutation: You are robust. (+10% HP) [potion of
                  | mutation]
 71165 | Zot:5    | Gained mutation: Your body sometimes deteriorates upon
                  | taking damage. [potion of mutation]
 71165 | Zot:5    | Gained mutation: You have sharp toenails. [potion of
                  | mutation]
 71251 | Zot:5    | Noticed a dread lich
 71255 | Zot:5    | Killed a dread lich
 71261 | Zot:5    | Noticed an orb of fire
 71273 | Zot:5    | Noticed an orb of fire
 71277 | Zot:5    | Gained mutation: Your spells are a little easier to cast,
                  | but a little less powerful. [an orb of fire]
 71279 | Zot:5    | Gained mutation: Your system is resistant to poisons.
                  | (rPois) [an orb of fire]
 71280 | Zot:5    | Gained mutation: Your magical capacity is low. (-10% MP)
                  | [an orb of fire]
 71289 | Zot:5    | Killed an orb of fire
 71297 | Zot:5    | Killed an orb of fire
 71440 | Zot:5    | Noticed an orb of fire
 71470 | Zot:5    | Noticed a dread lich
 71473 | Zot:5    | Noticed an orb of fire
 71477 | Zot:5    | Killed a dread lich
 71484 | Zot:5    | Killed an orb of fire
 71485 | Zot:5    | Noticed an orb of fire
 71488 | Zot:5    | Killed an orb of fire
 71506 | Zot:5    | Noticed an orb of fire
 71506 | Zot:5    | Gained mutation: Your spells are easier to cast, but less
                  | powerful. [mutagenic glow]
 71519 | Zot:5    | Lost mutation: Your magical capacity is low. (-10% MP)
                  | [mutagenic glow]
 71521 | Zot:5    | Gained mutation: You occasionally shout uncontrollably at
                  | your foes. [an orb of fire]
 71523 | Zot:5    | Noticed a Killer Klown
 71523 | Zot:5    | Noticed an ancient lich
 71531 | Zot:5    | Gained mutation: Your magical capacity is low. (-10% MP)
                  | [an orb of fire]
 71544 | Zot:5    | Killed an ancient lich
 71545 | Zot:5    | Killed a Killer Klown
 71551 | Zot:5    | Killed an orb of fire
 71738 | Zot:5    | Killed an orb of fire
 71789 | Zot:5    | Reached skill level 27 in Summonings
 72210 | Hell     | Entered the Vestibule of Hell
 72210 | Hell     | Noticed Geryon
 72215 | Hell     | Noticed Murray
 72223 | Hell     | Killed Geryon
 72413 | Hell     | Reached XP level 27. HP: 219/248 MP: 10/44
 72438 | Hell     | Found a gateway to the ashen valley of Gehenna.
 72736 | Hell     | Killed Murray
 73192 | Hell     | Found a gateway to the freezing wastes of Cocytus.
 73265 | Hell     | Found a gateway to the decaying netherworld of Tartarus.
 73601 | Hell     | Found a gateway to the Iron City of Dis.
 73946 | Slime:1  | Entered Level 1 of the Pits of Slime
 74020 | Slime:2  | Gained mutation: You are very dopey. (Int -4) [a shining
                  | eye]
 74375 | Slime:5  | Entered Level 5 of the Pits of Slime
 74413 | Slime:5  | Noticed the Royal Jelly
 75132 | Slime:4  | Learned a level 6 spell: Death Channel
 75668 | Slime:5  | Killed the Royal Jelly
 75692 | Slime:5  | Gained mutation: Your magical capacity is very low. (-20%
                  | MP) [a shining eye]
 75695 | Slime:5  | Gained mutation: You are clumsy. (Dex -2) [a shining eye]
 75698 | Slime:5  | Gained mutation: You occasionally lose the ability to read
                  | scrolls when taking damage. [a shining eye]
 75702 | Slime:5  | Lost mutation: You are very dopey. (Int -4) [potion of
                  | mutation]
 75702 | Slime:5  | Lost mutation: You are dopey. (Int -2) [potion of mutation]
 75702 | Slime:5  | Lost mutation: Your magical capacity is very low. (-20% MP)
                  | [potion of mutation]
 75703 | Slime:5  | Lost mutation: You are clumsy. (Dex -2) [potion of
                  | mutation]
 75703 | Slime:5  | Lost mutation: You have a somewhat thin skeletal structure.
                  | (Dex +2, Stealth+) [potion of mutation]
 75703 | Slime:5  | Lost mutation: Your spells are easier to cast, but less
                  | powerful. [potion of mutation]
 75703 | Slime:5  | Gained mutation: You possess an exceptional clarity of
                  | mind. [potion of mutation]
 75703 | Slime:5  | Gained mutation: Your mind is acute. (Int +4, Str/Dex -1)
                  | [potion of mutation]
 75704 | Slime:5  | Lost mutation: You are partially covered in iridescent
                  | scales. (AC +2) [potion of mutation]
 75704 | Slime:5  | Lost mutation: Your mind is acute. (Int +4, Str/Dex -1)
                  | [potion of mutation]
 75704 | Slime:5  | Lost mutation: Your spells are a little easier to cast, but
                  | a little less powerful. [potion of mutation]
 75704 | Slime:5  | Gained mutation: Your mind is acute. (Int +4, Str/Dex -1)
                  | [potion of mutation]
 75705 | Slime:5  | Lost mutation: Your magical capacity is low. (-10% MP)
                  | [potion of mutation]
 75705 | Slime:5  | Lost mutation: You occasionally lose the ability to read
                  | scrolls when taking damage. [potion of mutation]
 75705 | Slime:5  | Lost mutation: You possess an exceptional clarity of mind.
                  | [potion of mutation]
 75705 | Slime:5  | Gained mutation: You are agile. (Dex +4, Str/Int -1)
                  | [potion of mutation]
 75705 | Slime:5  | Gained mutation: Your flesh is heat resistant. (rF+)
                  | [potion of mutation]
 75705 | Slime:5  | Gained mutation: You are partially covered in iridescent
                  | scales. (AC +2) [potion of mutation]
 75832 | Slime:5  | Identified the +0 long sword of Destiny {flame, rElec rC-
                  | Str-3 SInv}
 75834 | Slime:5  | Got a slimy rune of Zot
 75913 | Slime:5  | Identified the +0 chain mail of Protective Custody {Str+5
                  | SInv}
 75921 | Slime:5  | Identified the +5 sling "Fulus" {flame, Dex+3}
 76341 | Crypt:1  | Entered Level 1 of the Crypt
 76383 | Crypt:1  | Reached skill level 10 in Evocations
 77327 | Crypt:2  | Paralysed by a vampire knight for 4 turns
 78058 | Crypt:3  | Entered Level 3 of the Crypt
 78477 | Crypt:3  | Noticed Frederick
 78486 | Crypt:3  | Killed Frederick
 79054 | Crypt:3  | Found a staircase to the Tomb.
 79827 | Tomb:1   | Entered Level 1 of the Tomb of the Ancients
 80546 | Tomb:1   | Noticed a royal mummy
 80549 | Tomb:1   | Noticed a royal mummy
 80551 | Tomb:1   | Killed a royal mummy
 80560 | Tomb:1   | Killed a royal mummy
 81269 | Tomb:2   | Noticed a royal mummy
 81269 | Tomb:2   | Noticed a royal mummy
 81269 | Tomb:2   | Noticed a royal mummy
 81269 | Tomb:2   | Noticed a royal mummy
 81288 | Tomb:2   | Killed a royal mummy
 81296 | Tomb:2   | Killed a royal mummy
 81805 | Tomb:1   | Noticed a royal mummy
 81805 | Tomb:1   | Noticed a royal mummy
 81814 | Tomb:1   | Noticed a royal mummy
 81816 | Tomb:1   | Noticed a royal mummy
 81818 | Tomb:1   | Noticed a royal mummy
 81833 | Tomb:1   | Noticed a royal mummy
 81866 | Tomb:1   | Noticed a royal mummy
 81871 | Tomb:1   | Noticed a royal mummy
 81887 | Tomb:1   | Noticed a royal mummy
 81893 | Tomb:1   | Killed a royal mummy
 81896 | Tomb:1   | Noticed a royal mummy
 81896 | Tomb:1   | Noticed a royal mummy
 81901 | Tomb:1   | Killed a royal mummy
 81904 | Tomb:1   | Killed a royal mummy
 81904 | Tomb:1   | Noticed a royal mummy
 81905 | Tomb:1   | Noticed a royal mummy
 81907 | Tomb:1   | Killed a royal mummy
 81910 | Tomb:1   | Killed a royal mummy
 81912 | Tomb:1   | Killed a royal mummy
 81920 | Tomb:1   | Killed a royal mummy
 81939 | Tomb:1   | Killed a royal mummy
 82563 | Tomb:3   | Entered Level 3 of the Tomb of the Ancients
 82594 | Tomb:3   | Reached skill level 10 in Earth Magic
 82607 | Tomb:3   | Noticed a royal mummy
 82607 | Tomb:3   | Noticed a royal mummy
 82611 | Tomb:3   | Noticed a royal mummy
 82612 | Tomb:3   | Killed a royal mummy
 82612 | Tomb:3   | Noticed a royal mummy
 82615 | Tomb:3   | Killed a royal mummy
 82615 | Tomb:3   | Noticed a royal mummy
 82619 | Tomb:3   | Noticed a royal mummy
 82619 | Tomb:3   | Noticed a royal mummy
 82621 | Tomb:3   | Killed a royal mummy
 82623 | Tomb:3   | Noticed a royal mummy
 82635 | Tomb:3   | Killed a royal mummy
 82637 | Tomb:3   | Killed a royal mummy
 82645 | Tomb:3   | Killed a royal mummy
 82648 | Tomb:3   | Killed a royal mummy
 83157 | Tomb:3   | Found the +9 staff of Olgreb {rPois∞}
 83175 | Tomb:3   | Identified the ring "Kuseih" {rC+ Will+}
 83203 | Tomb:3   | Identified the ring of the Sparrow {rN+ Will+ Dex+6}
 83220 | Tomb:3   | Identified the +7 glaive of Hoysh {heavy, rN+ rCorr Int-3}
 83250 | Tomb:3   | Identified the +1 fire dragon scales of the Bard {rF++ rC-
                  | Will+ rCorr Str+8 Stlth-}
 83464 | Tomb:3   | Got a golden rune of Zot
 83518 | Tomb:3   | Killed a royal mummy
 83528 | Tomb:3   | Killed a royal mummy
 83529 | Tomb:3   | Reached skill level 1 in Transmutations
 84130 | Crypt:3  | Learned a level 6 spell: Statue Form
 84426 | Tar:1    | Entered Level 1 of Tartarus
 84590 | Tar:2    | Reached skill level 1 in Short Blades
 84630 | Tar:2    | You fall into a shaft and drop 1 floor!
 84942 | Tar:5    | Reached skill level 5 in Transmutations
 85059 | Tar:7    | Entered Level 7 of Tartarus
 85060 | Tar:7    | Noticed a dread lich
 85065 | Tar:7    | Killed a dread lich
 85127 | Tar:7    | Noticed an ancient lich
 85131 | Tar:7    | Killed an ancient lich
 85188 | Tar:7    | Reached skill level 15 in Evocations
 85408 | Tar:7    | Identified the +0 war axe of Agony {speed, Str+3}
 85431 | Tar:7    | Identified the amulet of Astreifi {Spirit Stlth+}
 85443 | Tar:7    | Identified the +4 hand axe "Gavuloo" {freeze, rC+ Dex+5}
 85456 | Tar:7    | Identified the +11 trident "Isaysiwi" {flame, MP+9 Int+3}
 85849 | Tar:7    | Identified the amulet of Eternal Harmony {Spirit Int+3}
 86039 | Tar:7    | Identified the +2 quarterstaff of the Briny Deep {spect,
                  | +Blink rF+}
 86087 | Tar:7    | Identified the +1 long sword of Foolhardiness {drain,
                  | Str+5}
 86155 | Tar:7    | Noticed the Serpent of Hell
 86189 | Tar:7    | Killed the Serpent of Hell
 86402 | Tar:7    | Noticed Ereshkigal
 86409 | Tar:7    | Killed Ereshkigal
 86448 | Tar:7    | Got a bone rune of Zot
 86535 | Tar:7    | Identified the +2 leather armour of a bazaar {Regen+
                  | Stlth+}
 86632 | Hell     | Learned a level 6 spell: Dispersal
 86724 | Pan      | Entered Pandemonium
 86902 | Pan      | Identified the +1 scale mail "Acar" {rF+ rC+}
 87080 | Pan      | Reached skill level 10 in Transmutations
 87194 | Pan      | Gained mutation: Your spells are a little easier to cast,
                  | but a little less powerful. [a neqoxec]
 87299 | Pan      | Noticed Yfopteus the pandemonium lord
 87307 | Pan      | HP: 3/345 [Yfopteus the pandemonium lord (18)]
 87310 | Pan      | Killed Yfopteus the pandemonium lord
 87794 | Pan      | Entered the realm of Mnoleg.
 87803 | Pan      | Reached skill level 15 in Translocations
 87849 | Pan      | Paralysed by a floating eye for 2 turns
 87889 | Pan      | Paralysed by a floating eye for 2 turns
 87929 | Pan      | Noticed Mnoleg
 87944 | Pan      | Killed Mnoleg
 88223 | Pan      | Got a glowing rune of Zot
 88643 | Pan      | Noticed Mostria the pandemonium lord
 88702 | Pan      | Noticed Wuiguu Jemn the pandemonium lord
 88718 | Pan      | Killed Wuiguu Jemn the pandemonium lord
 89386 | Pan      | Noticed Zeawoll the pandemonium lord
 89398 | Pan      | Killed Zeawoll the pandemonium lord
 89499 | Pan      | Identified the +4 mace of Bloody Death {holy, rF+}
 89502 | Pan      | Noticed Ignacio
 89519 | Pan      | Killed Ignacio
 89860 | Pan      | Entered the realm of Gloorx Vloq.
 90186 | Pan      | Found an exit through the horrors of the Abyss.
 90322 | Pan      | Reached skill level 15 in Necromancy
 90546 | Pan      | Noticed Gloorx Vloq
 90555 | Pan      | Killed Gloorx Vloq
 90577 | Pan      | Got a dark rune of Zot
 90869 | Pan      | Took an exit into the Abyss.
 90869 | Abyss:1  | Escaped into the Abyss
 90996 | Abyss:2  | Found a corrupted altar of Lugonu.
 91000 | Abyss:2  | Found a corrupted altar of Lugonu.
 91117 | Abyss:2  | Found a corrupted altar of Lugonu.
 91204 | Depths:2 | Escaped the Abyss
 91351 | Pan      | Entered Pandemonium
 91364 | Pan      | Noticed Jumn the pandemonium lord
 91371 | Pan      | Killed Jumn the pandemonium lord
 91380 | Pan      | Found an exit through the horrors of the Abyss.
 91525 | Depths:2 | Escaped Pandemonium
 91583 | Depths:2 | Learned a level 8 spell: Borgnjor's Revivification
 91586 | Pan      | Entered Pandemonium
 91672 | Pan      | Noticed Voirgh the pandemonium lord
 91674 | Pan      | Reached skill level 27 in Fighting
 91679 | Pan      | Killed Voirgh the pandemonium lord
 91902 | Depths:2 | Escaped Pandemonium
 91927 | Pan      | Entered Pandemonium
 91936 | Pan      | Noticed Woybuwa the pandemonium lord
 91939 | Pan      | Killed Woybuwa the pandemonium lord
 92420 | Pan      | Reached skill level 27 in Spellcasting
 92809 | Pan      | Got a demonic rune of Zot
 92841 | Pan      | Entered the realm of Cerebov.
 93187 | Pan      | Found the +6 sword of Cerebov {flame}
 93187 | Pan      | Noticed Cerebov
 93216 | Pan      | Killed Cerebov
 93312 | Pan      | Got a fiery rune of Zot
 93508 | Pan      | Entered the realm of Lom Lobon.
 93538 | Pan      | Reached skill level 5 in Stealth
 93644 | Pan      | Identified the +3 long sword of Invincibility {freeze, rC+
                  | Int+2}
 93710 | Pan      | Noticed Lom Lobon
 93718 | Pan      | Killed Lom Lobon
 93757 | Pan      | Got a magical rune of Zot
 94153 | Pan      | Found an exit through the horrors of the Abyss.
 94211 | Pan      | Took an exit into the Abyss.
 94211 | Abyss:2  | Escaped into the Abyss
 94698 | Abyss:3  | Noticed a dread lich
 94710 | Abyss:3  | Killed a dread lich
 94763 | Abyss:3  | Got an abyssal rune of Zot
 94786 | Depths:2 | Escaped the Abyss
 95627 | Coc:1    | Entered Level 1 of Cocytus
 95733 | Coc:2    | Paralysed by a wendigo for 1 turns
 95748 | Coc:2    | Reached skill level 1 in Long Blades
 96472 | Coc:5    | Reached skill level 5 in Long Blades
 97066 | Coc:7    | Entered Level 7 of Cocytus
 97691 | Coc:7    | Noticed Antaeus
 97772 | Coc:7    | Killed Antaeus
 97822 | Coc:7    | Identified the +2 scale mail of the Game of Kings {Str+2}
 97824 | Coc:7    | Identified the +0 quarterstaff of Ignis, Forging {venom,
                  | rF+ Int+3 Dex+2 SInv}
 97825 | Coc:7    | Identified the +9 war axe "Zuip" {freeze, rN+ rCorr MP-9
                  | Dex+7}
 97827 | Coc:7    | Got an icy rune of Zot
 98102 | Coc:7    | Reached skill level 5 in Throwing
 98242 | Coc:7    | Identified the +4 executioner's axe of Hepliaklqana's Scorn
                  | {freeze, rPois rC+ rN+}
 98245 | Coc:7    | Identified the ring of Attitude {*Slow rElec rF- rCorr
                  | Str+6}
 98247 | Coc:7    | Identified the +1 ring mail "Sykim" {rC+ rN+ Int+3}
 99102 | Geh:1    | Entered Level 1 of Gehenna
 99161 | Geh:2    | Reached skill level 10 in Long Blades
100241 | Geh:7    | Entered Level 7 of Gehenna
100714 | Geh:7    | Got the Collected Works on the Translocated Serac
101001 | Geh:7    | Found the +7 sceptre of Asmodeus
101001 | Geh:7    | Noticed Asmodeus
101018 | Geh:7    | Killed Asmodeus
101022 | Geh:7    | Found the +3 giant club "Skullcrusher" {speed, Str+7}
101055 | Geh:7    | Got an obsidian rune of Zot
101679 | Dis:1    | Entered Level 1 of the Iron City of Dis
102868 | Dis:7    | Entered Level 7 of the Iron City of Dis
103567 | Dis:7    | Noticed a juggernaut
103577 | Dis:7    | Killed a juggernaut
103614 | Dis:7    | Noticed a juggernaut
103626 | Dis:7    | Killed a juggernaut
103968 | Dis:7    | Reached skill level 10 in Stealth
104340 | Dis:7    | Identified the +10 plate armour of the Marlin {rN+ Dex+5
                  | SInv}
104438 | Dis:7    | Noticed a juggernaut
104442 | Dis:7    | Killed a juggernaut
104670 | Dis:7    | Found the +4 staff of Dispater
104670 | Dis:7    | Noticed Dispater
104709 | Dis:7    | Killed Dispater
104830 | Dis:7    | Found the dreamshard necklace {*Dream Drain}
104832 | Dis:7    | Got the Directory of Frost
104835 | Dis:7    | Got an iron rune of Zot
104845 | Dis:7    | Identified the +9 war axe of Discord {speed, Dex+2}
105305 | Zot:5    | Got the Orb of Zot
106010 | D:1      | Noticed Pocroeq the pandemonium lord
106013 | D:1      | Killed Pocroeq the pandemonium lord
106053 | D:$      | Escaped with the Orb!

Illustrated notes

Levels and vault maps discovered:
D:1:      eino_arrival_cavern_a, layout_basic, minmay_misc_feat_five
D:2:      layout_basic, uniq_natasha
D:3:      layout_loops_ring, vehumet_crystals
D:4:      layout_loops_ring, serial_undead, serial_undead_a, serial_undead_f,
          serial_undead_c, serial_undead_e, dreamdust_mushroom_princess,
          patterned_corridor
D:5:      layout_rooms, mainiacjoe_overflow_small_starburst,
          nicolae_overflow_two_pavilions
D:6:      layout_basic, ashenzari_altar_1, serial_shops, kennysheep_mini,
          minivault_24
D:7:      layout_rooms, minmay_temple_entry_sparse_star
D:8:      layout_cave_pods, enter_ossuary_1, serial_shops, shop,
          kennysheep_generic_room_9
D:9:      layout_cave_pools, orc_0_dummy, serial_shops, nicolae_shop_crystal,
          kb_lookout_dungeons_type, chequers_avenue, amethyst_killhole
D:10:     minmay_razor_zed, layout_basic, nicolae_qazlal_style_of_elements,
          lair_entry_dummy
D:11:     regret_index_bee_streams, layout_loops_ring, doesnt_shop_hydraphobe,
          uniq_psyche, uniq_erolcha
D:12:     kennysheep_room_grid, layout_gridville
D:13:     layout_irregular_city, david_vaults_1, columned_hall_lemuel
D:14:     layout_gridville, nrook_campfire, trove_entry_hex_spiral,
          gauntlet_entry_generic, st_stairs_9
D:15:     hangedman_depths_entry_civil_slaughter, layout_cave_pools, uniq_rupert
Lair:1:   layout_cave_pods, grunt_forest_large_clearing_hut
Lair:2:   layout_misc_corridors, chequers_serial_rivers_small_b,
          grunt_megastairs_5
Lair:3:   layout_regular_city, minmay_shoals_entry_centaurs,
          hellmonk_spider_entry_not_the_bees, infiniplex_staircase_pool_2,
          serial_bayou_shore_a, serial_bayou_shore_b
Lair:4:   layout_cellular_growth, beast_lair_carwin_8, grunt_megastairs_1
Lair:5:   hangedman_lair_tendril_chambers, layout_regular_city,
          nicolae_slime_entry_slimehenge, ebering_ghost_rock_garden,
          lemuel_old_faithful, infiniplex_staircase_pool
Shoals:1: layout_shoals
Shoals:2: layout_shoals, nicolae_shoals_nymph_descending_staircase,
          uniq_polyphemus
Shoals:3: layout_shoals, ebering_ghost_reflecting_pool, serial_shops,
          shop_fountains, uniq_ilsuiw
Shoals:4: shoals_end_grunt_ice, layout_shoals, uniq_aizul
Spider:1: layout_chambers, nicolae_spider_circle_web, hellmonk_narrow_tunnel,
          uniq_roxanne
Spider:2: layout_chambers
Spider:3: layout_spider_delve
Spider:4: spider_rune_water, uniq_kirke, uniq_louise, uniq_arachne
Slime:1:  layout_caves
Slime:2:  layout_caves
Slime:3:  layout_caves
Slime:4:  layout_caves
Slime:5
Orc:1:    layout_caves, serial_shops, nicolae_shop_stone, basic_altar,
          portal_ice_cave_entry_pillars_1
Orc:2:    st_orc_elflike, layout_diamond_mine, basic_altar,
          nicolae_orc_rich_vein
Elf:1:    eino_elf_arrival_sip, layout_loops_corners, serial_shops, shop,
          hangedman_elf_represent, ebering_dispersal_statue_hall,
          minmay_shop_star
Elf:2:    elven_hall_of_blades_hangedman_original
          [nicolae_blade_entry_antechamber], layout_onion_city
Elf:3:    elf_hall, layout_loops_corners, serial_shops, shop,
          nrook_loot_triangle, minmay_crystal_room, item_on_display_a
Vaults:1: ebering_ghost_rock_garden, vaults_room_pools,
          hangedman_vaults_stitches, vaults_dpeg_cross,
          nicolae_vaults_triangles, v_pattern_5, hangedman_vaults_maws,
          v_misc_3, vaults_standard_mumra_enter_the_diamond,
          vaults_dpeg_diagonal, vaults_dpeg_spiral,
          nicolae_vaults_fighting_squares, layout_vaults_omnibox, serial_shops,
          shop, shop, nicolae_diamond_shop, nicolae_square_shop, serial_glass,
          uniq_saint_roka, uniq_zenata
Vaults:2: lightli_enter_wizlab_magi_temple, vaults_room_boxed,
          ontoclasm_vaults_claustrophobia, nicolae_vaults_bisected_exclaves,
          nicolae_vaults_yaktaur_gun_rack, layout_vaults_omnigrid, uniq_donald
Vaults:3: hangedman_vaults_locks, minmay_crypt_entry_simple_sparse,
          hangedman_vaults_maws, vaults_mumra_minichess, v_misc_24, v_pattern_4,
          grunt_vaults_bifocal, nicolae_vaults_little_squares_1,
          ontoclasm_vaults_fault, grunt_vaults_focal, v_alt_pattern_2,
          v_misc_10, layout_vaults_omnicross
Vaults:4: vaults_room_door_hall, nicolae_vaults_ring_of_whatevers, v_misc_33,
          vaults_dpeg_ring, nicolae_vaults_shelves_hall, v_misc_8,
          nicolae_vaults_little_squares_3, vaults_room_corners, v_misc_25,
          layout_vaults_big_room
Vaults:5
Crypt:1:  layout_gridlike, grunt_crypt_arrival_guarded_gate
Crypt:2:  layout_regular_city, hex_large, nicolae_crypt_cryptocurrency,
          roderic_lattice_octagonal_star
Crypt:3:  due_elkab, layout_chaotic_city, tomb_entry_forgotten_bobbens,
          uniq_frederick
Tomb:1
Tomb:2
Tomb:3
Depths:1: layout_gridlike, abyss_entry_small_statue_room, grunt_metal_band,
          kennysheep_cluttered_room, nicolae_kite_square_tiling_tiny,
          nzn_hepliaklqana_mist_gate
Depths:2: minmay_triangles_in_corner, layout_basic, grunt_pan_entry_sceptre,
          serial_shops, shop, hell_entry, abyss_entry, minmay_shoptagon,
          uniq_vv, uniq_grunn
Depths:3: hellmonk_crumbling_castle, layout_cave_pools, enter_ziggurat_c,
          fedhas_altar_4, pan_entry, serial_sigils,
          serial_sigils_hangedman_shear, serial_sigils_hangedman_scratch,
          serial_sigils_hangedman_quiver, serial_sigils_hangedman_gnaw,
          abyss_entry, hell_entry, nicolae_shop_self_help
Depths:4: evilmike_zot_entry_castle, layout_basic, chequers_serial_rivers_marsh,
          pf_hell_entry_great_geh
Hell
Dis:1:    layout_overlapping_boxes
Dis:2:    layout_subdivisions, nicolae_dis_having_a_grate_time
Dis:3:    layout_jigsaw, nicolae_dis_grated_feature
Dis:4:    layout_subdivisions, nicolae_dis_grated_feature
Dis:5:    layout_regular_city, nicolae_dis_grated_feature
Dis:6:    layout_subdivisions
Dis:7:    dis_grunt_layers
Geh:1:    layout_gehenna_lava_caves
Geh:2:    nicolae_geh_tyrants_menagerie, layout_gehenna_pools_box
Geh:3:    layout_gehenna_pools_basic, evilmike_ambush
          [evilmike_ambush_outer_basic, evilmike_ambush_inner_cross]
Geh:4:    layout_gehenna_lava_caves
Geh:5:    layout_gehenna_lava_caves
Geh:6:    layout_gehenna_pools_box
Geh:7:    geh_grunt
Coc:1:    layout_cocytus_water_paths
Coc:2:    layout_ice_bergs
Coc:3:    layout_cocytus_water_paths
Coc:4:    layout_cocytus_delve
Coc:5:    layout_cocytus_delve
Coc:6:    layout_cocytus_water_paths
Coc:7:    coc_grunt
Tar:1:    layout_cathedral_of_symmetry
Tar:2:    layout_grid_maze
Tar:3:    layout_grid_maze
Tar:4:    layout_grid_maze
Tar:5:    layout_catacombs
Tar:6:    layout_catacombs
Tar:7:    tar_old
Zot:1:    layout_twisted_circle, nicolae_shop_clearance
Zot:2:    layout_gridlike
Zot:3:    layout_basic, gammafunk_ghost_split
Zot:4:    layout_concentric_octagons
Zot:5:    layout_onion

Skill      XL: |  1  2  3  4  5  6  7  8  9 10 11 12 13 14 15 16 17 18 19 20 21 22 23 24 25 26 27 |
---------------+----------------------------------------------------------------------------------+-----
Summonings     | 5 6 7 8 9 10 12 13 15 17 19 20 23 27 | 27.0
Armour         | 1 2 5 |  5.7
Spellcasting   | 3 4 5 6 7 8 10 11 13 15 16 17 18 19 20 22 27 | 27.0
Hexes          | 2 4 5 7 |  7.0
Fighting       | 1 5 7 9 11 13 15 16 17 18 19 20 27 | 27.0
Dodging        | 3 4 6 8 10 12 13 15 | 15.4
Throwing       | 2 6 |  6.0
Air Magic      | 1 5 |  5.0
Translocations | 2 8 10 11 12 14 22 | 22.5
Shields        | 2 7 8 9 11 12 13 15 16 17 18 19 25 | 25.0
Necromancy     | 5 7 8 10 11 12 13 21 | 21.2
Earth Magic    | 3 5 6 11 | 11.0
Evocations     | 2 5 6 23 | 23.6
Stealth        | 4 10 | 10.0
Transmutations | 10 | 10.0
Short Blades   | 4 |  4.0
Long Blades    | 11 | 11.6

Action                     |  1- 3 |  4- 6 |  7- 9 | 10-12 | 13-15 | 16-18 | 19-21 | 22-24 | 25-27 || total
---------------------------+-------+-------+-------+-------+-------+-------+-------+-------+-------++-------
  Melee: Unarmed           |     5 |       |       |       |       |       |       |       |       ||     5
         Punch             |     5 |     1 |     1 |       |       |       |       |       |       ||     7
         Short sword       |    48 |       |       |       |       |       |       |       |       ||    48
         Trident           |       |    46 |    93 |    23 |       |       |       |       |       ||   162
         Hand axe          |       |     9 |    26 |       |       |       |       |       |       ||    35
         Dagger            |       |       |    81 |    29 |   115 |   105 |   140 |   179 |   730 ||  1379
         Eudemon blade     |       |       |       |       |       |       |       |       |   402 ||   402
         Kick              |       |       |       |       |       |       |       |       |   286 ||   286
  Throw: Dart              |       |     1 |       |     3 |     2 |     8 |     6 |     3 |    17 ||    40
         Stone             |       |     1 |       |       |       |       |       |       |       ||     1
         Javelin           |       |       |       |       |       |       |     2 |       |       ||     2
   Cast: Summon Small Mamm |    18 |    22 |    19 |     8 |       |       |       |       |       ||    67
         Call Imp          |    10 |    14 |    17 |    13 |     4 |       |       |       |       ||    58
         Call Canine Famil |       |     8 |    31 |    39 |    36 |    14 |       |       |       ||   128
         Summon Guardian G |       |       |    26 |    52 |    56 |     4 |       |       |       ||   138
         Summon Lightning  |       |       |     1 |    30 |    34 |    16 |     5 |     2 |     1 ||    89
         Summon Forest     |       |       |       |    21 |    93 |    88 |    57 |    50 |    93 ||   402
         Summon Mana Viper |       |       |       |     1 |    36 |    15 |    16 |    31 |    15 ||   114
         Summon Cactus Gia |       |       |       |       |    48 |    89 |    82 |   109 |    76 ||   404
         Anguish           |       |       |       |       |    18 |    34 |     8 |    18 |    14 ||    92
         Summon Hydra      |       |       |       |       |     2 |    72 |    82 |    97 |     9 ||   262
         Borgnjor's Vile C |       |       |       |       |       |   126 |   179 |   272 |   438 ||  1015
         Haunt             |       |       |       |       |       |     3 |     7 |     4 |    32 ||    46
         Passwall          |       |       |       |       |       |       |     2 |       |    12 ||    14
         Dispel Undead     |       |       |       |       |       |       |       |     9 |    91 ||   100
         Malign Gateway    |       |       |       |       |       |       |       |     4 |    54 ||    58
         Dragon's Call     |       |       |       |       |       |       |       |       |   234 ||   234
         Statue Form       |       |       |       |       |       |       |       |       |   127 ||   127
         Death Channel     |       |       |       |       |       |       |       |       |    10 ||    10
         Passage of Golubr |       |       |       |       |       |       |       |       |     4 ||     4
 Invoke: Call Merchant     |       |       |       |       |     3 |       |       |       |       ||     3
         Bribe Branch      |       |       |       |       |       |       |     1 |       |     3 ||     4
         Potion Petition   |       |       |       |       |       |       |       |       |     7 ||     7
Ability: Hop               |       |     1 |       |     2 |     6 |     4 |    16 |     9 |    49 ||    87
  Evoke: Wand              |       |       |       |     2 |     1 |     1 |    12 |     4 |    33 ||    53
         Box of beasts     |       |       |       |       |       |     1 |     2 |       |     4 ||     7
         Tin of tremorston |       |       |       |       |       |       |     3 |     3 |     6 ||    12
         Phantom mirror    |       |       |       |       |       |       |     3 |     1 |     6 ||    10
         Condenser vane    |       |       |       |       |       |       |       |     1 |     5 ||     6
         Horn of Geryon    |       |       |       |       |       |       |       |       |     7 ||     7
    Use: Scroll            |     2 |     2 |     7 |    12 |    10 |     3 |     6 |     5 |    36 ||    83
         Potion            |       |       |       |       |       |     6 |     6 |     3 |    44 ||    59
   Stab: Sleeping          |     1 |       |    13 |       |       |       |       |     2 |     4 ||    20
         Distracted        |       |     2 |     1 |     1 |     1 |     1 |     4 |     7 |    32 ||    49
         Invisible         |       |       |       |       |       |       |     2 |       |       ||     2
 Armour: Leather armour    |    14 |    15 |    65 |    15 |    42 |    86 |    92 |    83 |   294 ||   706
         Robe              |     4 |       |       |       |       |       |       |       |       ||     4
         Skin              |       |       |       |       |       |       |       |       |   483 ||   483
  Dodge: Dodged            |    33 |    25 |   116 |    39 |   116 |   210 |   224 |   326 |  1333 ||  2422
  Block: Buckler           |       |       |       |    14 |    68 |   122 |   147 |   142 |   951 ||  1444
         Tower shield      |       |       |       |       |       |       |       |       |   217 ||   217

Table legend: (Time is in decaauts)
 A = Elapsed time spent in this place.
 B = Non-inter-level travel time spent in this place.
 C = Inter-level travel time spent in this place.
 D = Time resting spent in this place.
 E = Time spent auto-exploring this place.
 F = Levels seen in this place.
 G = Mean time per level.
                   A        B        C        D        E       F      G
               +--------+--------+--------+--------+--------+-----+--------+
         Total | 120585 | 107754 |  12831 |  28383 |  30530 | 111 | 1086.4 |
       Dungeon |  20418 |  17086 |   3332 |   2879 |   8309 |  15 | 1361.2 |
          Lair |   7439 |   6392 |   1047 |    866 |   3375 |   5 | 1487.8 |
        Shoals |   6805 |   6363 |    442 |   2387 |   1313 |   4 | 1701.2 |
   Spider Nest |   7140 |   6561 |    579 |   1386 |   3276 |   4 | 1785.0 |
    Slime Pits |   2254 |   2179 |     75 |    960 |      0 |   5 |  450.8 |
  Orcish Mines |   2467 |   1918 |    549 |    385 |    646 |   2 | 1233.5 |
   Elven Halls |   4528 |   4170 |    358 |    738 |   1784 |   3 | 1509.3 |
        Vaults |  14188 |  12096 |   2092 |   3800 |   4137 |   5 | 2837.6 |
         Crypt |   4104 |   3823 |    281 |    178 |   1958 |   3 | 1368.0 |
          Tomb |   4656 |   4623 |     33 |   1704 |    282 |   3 | 1552.0 |
        Depths |  13022 |  10632 |   2390 |   4471 |   3195 |   4 | 3255.5 |
          Hell |   2100 |   1913 |    187 |    793 |    206 |   1 | 2100.0 |
           Dis |   4186 |   3926 |    260 |    910 |     81 |   7 |  598.0 |
       Gehenna |   2271 |   2159 |    112 |    607 |     26 |   7 |  324.4 |
       Cocytus |   3398 |   3241 |    157 |   1068 |      0 |   7 |  485.4 |
      Tartarus |   2811 |   2714 |     97 |    785 |      0 |   7 |  401.6 |
           Zot |   7123 |   6288 |    835 |   1764 |   1438 |   5 | 1424.6 |
         Abyss |   1054 |   1054 |      0 |     45 |      0 |   4 |  263.5 |
   Pandemonium |   8153 |   8153 |      0 |   2104 |    131 |  15 |  543.5 |
         Trove |     41 |     41 |      0 |      0 |      0 |   1 |   41.0 |
       Ossuary |    506 |    506 |      0 |      0 |    132 |   1 |  506.0 |
      Ice Cave |    544 |    544 |      0 |    100 |     48 |   1 |  544.0 |
        Wizlab |    720 |    720 |      0 |    219 |    183 |   1 |  720.0 |
      Gauntlet |    647 |    647 |      0 |    227 |      3 |   1 |  647.0 |
               +--------+--------+--------+--------+--------+-----+--------+

Top non-repeatable levels by time:
Depths:1: 3881 daAuts
Depths:4: 3802 daAuts
Vaults:4: 3752 daAuts
Depths:2: 3719 daAuts
Vaults:1: 2981 daAuts
   Dis:7: 2889 daAuts
Vaults:2: 2697 daAuts
Vaults:5: 2571 daAuts
  Tomb:1: 2488 daAuts
Spider:3: 2257 daAuts
Vaults:3: 2185 daAuts
    D:11: 2183 daAuts
   Zot:5: 2160 daAuts
    Hell: 2100 daAuts
    D:10: 2071 daAuts
